 Dungeon Crawl Stone Soup version 0.31-a0-222-gefeffbb62a (webtiles) character file.

Game seed: 10288298404154386034

414634 qw the Impregnable (level 23, 0/160 HPs)
             Began as a Gargoyle Fighter on July 4, 2023.
             Was a High Priest of Okawaru.
             Slain by a hell knight
             ... wielding a +2 halberd of flaming
              (1 damage)
             ... while paralysed by a sphinx
             ... on level 5 of the Vaults.
             The game lasted 00:36:05 (47486 turns).

qw the Impregnable (Gargoyle Fighter)              Turns: 47486, Time: 00:36:05

Health: 0/160      AC: 81    Str: 31      XL:     23   Next: 58%
Magic:  30/30      EV:  2    Int: 11 (14) God:    Okawaru [*****.]
Gold:   1598       SH:  0    Dex: 14      Spells: 22/22 levels left

rFire   + . .        B - +1 broad axe (vamp)
rCold   + . .        y - +4 tower shield "Raumaves" {rN+ rCorr Slay+3}
rNeg    + + .        k - +16 crystal plate armour of Dyl Vyed {Rampage rC+ Int+2}
rPois   inf          x - +2 helmet
rElec   +            A - +2 cloak {rPois}
rCorr   +            v - +2 pair of gloves
SInv    .            l - +0 pair of boots "Uwkoluw" {Str+3}
Will    +....        c - amulet of faith Stlth
                     P - ring of Beurre Cops {*Slow rElec rF+ EV+5 Dex+5}
HPRegen 0.46/turn    G - +5 ring of evasion
MPRegen 0.22/turn

%: slow self (1%), rampage, faith
@: paralysed, heroic, flying, slowed
A: sickness immunity, AC +17, big wings, negative energy resistance 1,
electricity resistance, torment resistance 1, petrification resistance,
iridescent scales 1, subdued magic 1
}: 2/15 runes: serpentine, barnacled
a: Renounce Religion, Heroism, Finesse, Duel


You were on level 5 of the Vaults.
You worshipped Okawaru.
Okawaru was extremely pleased with you.
You visited 8 branches of the dungeon, and saw 40 of its levels.
You visited the Abyss 1 time.
You also visited: Ossuary.

You collected 5616 gold pieces.
You spent 4018 gold pieces at shops.


Innate Abilities, Weirdness & Mutations

You are immune to sickness and miasma.
Your stone body is resilient. (AC +17)
You are immune to poison.
Your large and strong wings let you fly.
You resist negative energy. (rN+)
You are resistant to electric shocks. (rElec)
You are resistant to unholy torment.
You are immune to petrification.
You are partially covered in iridescent scales. (AC +2)
Your spells are a little easier to cast, but a little less powerful.


   Skills:
 - Level 21.0(26.0) Fighting
 - Level 18.0(23.0) Axes
 + Level 11.3(16.3) Throwing
 - Level 22.0(27) Armour
 - Level 7.0(12.0) Dodging
 - Level 21.0(26.0) Shields
 - Level 10.0 Invocations


You had 22 spell levels left.
You didn't know any spells.
Your spell library was empty.

Inventory:

Hand Weapons
 a - a +7 broad axe of venom
 h - the +4 war axe of Gravity {freeze, rElec rN+ rCorr}
   (Okawaru gifted it to you on level 4 of the Lair of Beasts)

   rElec:     It insulates you from electricity.
   rN:        It protects you from negative energy.
   rCorr:     It protects you from acid and corrosion.
 B - a +1 vampiric broad axe (weapon)
 H - a +2 war axe of holy wrath
Missiles
 t - 24 boomerangs
 F - 2 silver javelins
 J - 4 silver boomerangs (quivered)
 L - a boomerang of dispersal
 O - 7 javelins
Armour
 k - the +16 crystal plate armour of Dyl Vyed (worn) {Rampage rC+ Int+2}
   (Okawaru gifted it to you on level 12 of the Dungeon)

   Int:       It affects your intelligence (+2).
   rC:        It protects you from cold.
   Rampage:   It bestows one free step when moving towards enemies.
 l - the +0 pair of boots "Uwkoluw" (worn) {Str+3}
   (You acquired it on level 11 of the Dungeon)

   Str:       It affects your strength (+3).
 v - a +2 pair of gloves (worn)
 x - a +2 helmet (worn)
 y - the +4 tower shield "Raumaves" (worn) {rN+ rCorr Slay+3}
   (You took it off Louise on level 4 of the Shoals)

   Slay:      It affects your accuracy & damage with ranged weapons and melee
   (+3).
   rN:        It protects you from negative energy.
   rCorr:     It protects you from acid and corrosion.
 A - a +2 cloak of poison resistance (worn)
 C - a scarf of resistance
 K - the +6 tower shield of Spite {rC+ Dex+2}
   (Okawaru gifted it to you on level 4 of the Snake Pit)

   Dex:       It affects your dexterity (+2).
   rC:        It protects you from cold.
 N - the +12 plate armour of the Purple Skies {rF++ rCorr Dex-3 SInv}
   (Okawaru gifted it to you on level 2 of the Depths)

   Dex:       It affects your dexterity (-3).
   rF:        It greatly protects you from fire.
   SInv:      It lets you see invisible.
   rCorr:     It protects you from acid and corrosion.
Jewellery
 c - an amulet of faith (around neck)
 g - an amulet of reflection
 D - a ring of ice
 E - a ring of ice
 G - a +5 ring of evasion (right hand)
 I - a ring of fire
 P - the ring of Beurre Cops (left hand) {*Slow rElec rF+ EV+5 Dex+5}
   (You found it on level 4 of the Depths)

   [ring of evasion]

   EV:        It affects your evasion (+5).
   Dex:       It affects your dexterity (+5).
   rF:        It protects you from fire.
   rElec:     It insulates you from electricity.
   *Slow:     It may slow you when you take damage.
Wands
 z - a wand of digging (16)
Scrolls
 b - 11 scrolls of teleportation
 f - 34 scrolls of identify
 j - 7 scrolls of enchant armour
 M - a scroll of brand weapon
Potions
 d - 6 potions of might
 e - 10 potions of lignification
 i - 8 potions of resistance
 m - 7 potions of mutation
 n - 20 potions of curing
 p - 9 potions of haste
 q - 11 potions of enlightenment
 s - 9 potions of attraction
 u - 3 potions of heal wounds
 w - 2 potions of cancellation

Dungeon Overview and Level Annotations

Branches:
Dungeon (15/15)            Temple (1/1) D:4            Lair (5/5) D:9
 Shoals (4/4) Lair:2        Snake (4/4) Lair:2        Slime (0/5) Lair:5
    Orc (2/2) D:12            Elf (0/3) Orc:2        Vaults (5/5) D:13
  Crypt (0/3) Vaults:3     Depths (4/4) D:15            Zot (0/5) Depths:4
Ossuary (visited)

Altars:
Ashenzari
Cheibriados
Dithmenos
Elyvilon
Fedhas
Gozag
Hepliaklqana
Kikubaaqudgha
Makhleb
Nemelex Xobeh
Okawaru
Qazlal
Ru
Sif Muna
Trog
Uskayaw
Vehumet
Wu Jian
Xom
Yredelemnul
Zin
The Shining One
Lugonu

Shops:
D:8 *   D:14 *   Orc:1 ((!(   Orc:2 !**:(   Shoals:1 *[   Shoals:4 [
Snake:2 =[   Vaults:3 =   Vaults:4 [(   Depths:4 (

Portals:
Hell: Depths:1 Depths:2 Depths:3 Depths:4
Abyss: Depths:3 Depths:4
Pandemonium: Depths:2
Ziggurat: Depths:2
Trove: D:15 (give +6 demon trident)

Annotations:
D:4 2 transporters, qw's ghost, amateur MiHs
D:5 1 runed translucent door, Crazy Yiuf
D:10 2 runed translucent doors
Lair:5 1 runed translucent door, exclusions: 2 death yaks, 3 dream sheep and 2 yaks
Depths:1 6 transporters


Message History

The tengu reaver hits you but does no damage.
The tengu reaver pecks you but does no damage.
The tengu reaver claws you but does no damage.
The deep elf death mage hits you but does no damage.
The deep elf high priest calls down the wrath of its god upon you.
Something smites you!
The vault guard hits you but does no damage. x2
The shadow dragon bites you but does no damage.
The shadow dragon claws you but does no damage.
The shadow dragon claws you. The fire giant barely misses you.
The ironbound preserver gestures wildly while chanting.
The ironbound preserver is healed somewhat.
The tengu reaver hits you but does no damage.
The tengu reaver pecks you but does no damage.
The tengu reaver claws you but does no damage.
The vault sentinel blows a loud note on a signal horn!
The yaktaur captain hits you. The sphinx hits you but does no damage.
The sphinx hits you! The sphinx hits you but does no damage.
You hear a shout!
You hear a horrible gurgling sound!
The glowing orange brain changes into a mana viper!
The hell knight hits you from afar with a +2 halberd of flaming!
The hell knight burns you.
The hell knight hits you but does no damage.
The tengu reaver hits you but does no damage.
The tengu reaver pecks you but does no damage.
The tengu reaver claws you but does no damage.
The shadow dragon bites you but does no damage.
The shadow dragon claws you but does no damage. x2
The deep elf death mage beckons forth a restless soul!
The vault guard hits you but does no damage.
The fire giant hits you but does no damage.
The vault guard hits you but does no damage.
The ironbound preserver gestures wildly while chanting.
The ironbound preserver is healed somewhat.
The tengu reaver barely misses you.
The tengu reaver pecks you but does no damage.
The tengu reaver claws you but does no damage.
The hell knight hits you from afar with a +2 halberd of flaming!
The hell knight burns you.
You die...

#...#....#
.##.#.#....# .
.....#....# ..
#.#.#....#...
.{DCpW......
#####pTepcc..##
....TTQcDCp....
....SpQ@HpGc...
.....TpeCce....
.....ZpCcpc....
#####*.pcC...##
...........
...#....#..#
....#....#.##
.....#....# #


You could see 2 shadow dragons, 2 ironbound preservers, a frost giant
(empowered), a fire giant (empowered), a sphinx (empowered), 3 stone giants, a
vault warden (empowered), 2 tengu reavers, 3 yaktaur captains, 4 vault guards, 2
deep elf death magi, 2 hell knights, a glowing orange brain shaped shifter
(sheltered), 4 deep trolls, a vault sentinel (empowered, catching breath), a
deep elf high priest (brilliance aura), a mana viper shaped shifter, 5 yaktaurs,
a freezing wraith, a lost soul (summoned) and a tengu reaver simulacrum.

Vanquished Creatures
  Boris (twice) (Vaults:3 Depths:3)
  Saint Roka (Vaults:1)
  Vashnia (Snake:2)
  2 bone dragons
  3 tentacled monstrosities
  Asterion (Vaults:3)
  A titan (Vaults:5)
  3 quicksilver dragons
  A walking frostbound tome (Depths:2)
  2 krakens
  Gastronok (Lair:2)
  Polyphemus (Shoals:2)
  12 sphinxes
  A tentacled starspawn (Abyss:3)
  Frances (D:14)
  3 shadow dragons
  7 tengu reavers
  Kirke (Shoals:3)
  A storm dragon (shapeshifter) (Vaults:3)
  3 storm dragons
  Donald (Snake:1)
  A draconian monk (Depths:4)
  Ilsuiw (Shoals:3)
  A draconian knight (Depths:4)
  9 nagarajas
  A deep elf sorcerer (Vaults:5)
  10 fire giants
  8 frost giants
  17 vault wardens
  Aizul (Snake:4)
  2 iron dragons
  Louise (Shoals:4)
  3 spriggan defenders
  An angel (Abyss:3)
  2 orc warlords
  2 formless jellyfish
  15 ironbound preservers
  10 very ugly things
  A caustic shrike zombie (Depths:1)
  2 war gargoyles
  An ironbound thunderhulk (Vaults:1)
  6 stone giants
  4 green draconians
  Nessos (D:13)
  A vampire knight (Depths:2)
  A deep elf demonologist (Vaults:5)
  A black draconian (Depths:4)
  23 dire elephants
  A purple draconian (Depths:4)
  A spark wasp (Depths:3)
  10 merfolk impalers
  An eidolon (Abyss:3)
  11 ettins
  4 merfolk javelineers
  2 jiangshi (Depths:1)
  A crystal guardian (Vaults:2)
  8 yaktaur captains
  10 fire dragons
  4 great orbs of eyes
  A hell beast (Depths:2)
  Erolcha (D:13)
  4 rakshasas
  A salamander tyrant (Snake:3)
  9 ice dragons
  3 alligator snapping turtles
  27 vault guards
  2 merfolk avatars
  2 spriggan air magi
  8 anacondas
  6 hydras
  11 ironbound frosthearts
  3 peacekeepers
  3 catoblepae
  An anaconda (shapeshifter) (Vaults:2)
  22 centaur warriors
  8 naga warriors
  9 two-headed ogres
  A boulder beetle (D:13)
  2 death knights
  A merfolk aquamancer (Shoals:4)
  5 deep troll earth magi
  7 deep troll shamans
  A tengu warrior (D:14)
  6 death yaks
  2 satyrs
  A dancing weapon (Vaults:5)
  4 spriggan berserkers (Depths:4)
  9 orc high priests
  12 naga sharpshooters
  2 vampire magi
  11 shock serpents
  3 thrashing horrors
  12 hell knights
  A sun demon (Depths:3)
  A shock serpent (shapeshifter) (Depths:2)
  7 skysharks
  A fire crab (shapeshifter) (D:14)
  2 spriggans (Depths:4)
  A shadow wraith (Abyss:3)
  4 salamander mystics
  2 wretched stars (Abyss:3)
  Amaemon (D:11)
  4 iron trolls
  Lodul (D:13)
  A kraken simulacrum (Shoals:4)
  A glowing orange brain (Abyss:3)
  A golden dragon zombie (Depths:1)
  11 sea snakes
  A flayed ghost (Abyss:3)
  55 deep trolls
  2 phantasmal warriors
  4 lindwurms
  9 wizards
  A golden dragon skeleton (Depths:1)
  A wolf spider zombie (D:15)
  4 naga ritualists
  6 harpies
  A deep elf zephyrmancer (D:15)
  21 ironbound convokers
  2 orc knights
  A deep elf pyromancer (D:13)
  3 orc sorcerers
  11 mana vipers
  A human zombie (Vaults:4)
  12 salamanders
  4 necromancers
  39 ugly things
  2 wolf spiders
  6 elephants (Lair:5)
  4 fauns
  17 manticores
  14 merfolk sirens
  2 worldbinders (Abyss:3)
  41 black mambas
  17 vault sentinels
  7 cyclopes
  3 guardian serpents
  17 naga magi
  An orange demon (D:11)
  8 water nymphs
  19 cane toads
  6 torpor snails
  4 smoke demons
  3 gargoyles
  A centaur skeleton (D:15)
  10 komodo dragons
  2 unseen horrors (D:11)
  Maggie (D:8)
  3 rime drakes
  39 yaktaurs
  5 tengu conjurers
  A freezing wraith (D:14)
  2 efreet
  A harpy zombie (Abyss:3)
  3 human skeletons (Vaults:4)
  37 merfolk
  4 trolls
  13 starcursed masses (Abyss:3)
  3 hellwings (Abyss:3)
  A tarantella (shapeshifter) (D:13)
  2 polar bears
  10 wind drakes
  12 hornets
  4 tyrant leeches (Lair:5)
  A raiju (Shoals:4)
  17 blink frogs
  10 dream sheep
  5 snapping turtles
  2 vampires (D:14)
  3 flying skulls (Abyss:3)
  A raiju (shapeshifter) (Vaults:5)
  30 slime creatures
  15 water elementals
  A shadow (D:12)
  13 wyverns
  Eustachio (D:5)
  5 wraiths
  50 yaks
  18 humans
  Grum (D:11)
  A hog (Shoals:3)
  3 redbacks (Lair:5)
  A steam dragon (D:9)
  4 chaos spawn
  9 vampire mosquitoes
  8 wargs
  A neqoxec (Abyss:3)
  A large abomination (Abyss:3)
  38 nagas
  2 floating eyes
  4 acid dragons
  24 water moccasins
  A hornet zombie (D:15)
  24 orc warriors
  An ice beast (shapeshifter) (Depths:3)
  2 black bears (D:7)
  An ice beast (D:8)
  6 ogres
  4 boggarts (D:15)
  13 wolves
  7 centaurs
  4 kobold brigands
  11 bullfrogs
  2 gnoll sergeants
  6 scorpions
  2 wyvern zombies (Ossuary)
  4 water moccasin zombies (Ossuary)
  15 wights
  2 small abominations (Abyss:3)
  12 killer bees
  6 howler monkeys
  4 bullfrog zombies (Ossuary)
  7 centaur zombies
  A quasit (Abyss:3)
  A hound (D:5)
  3 jellies (Lair:5)
  Ijyb (D:5)
  3 gnoll boudas
  29 orc priests
  17 mummies
  A sleepcap (D:6)
  9 iguanas
  Natasha (twice) (D:2)
  10 orc wizards
  Terence (D:2)
  A boggart skeleton (D:15)
  2 killer bee zombies (Ossuary)
  Robin (D:2)
  16 adders
  29 gnolls
  3 shadow imps
  A white imp (Abyss:3)
  2 ufetubi
  2 worms (D:2)
  3 dart slugs
  92 orcs
  13 ball pythons
  8 endoplasms
  2 giant cockroaches (D:2)
  11 goblins
  13 hobgoblins
  14 jackals
  51 kobolds
  3 quokkas
  5 bats
  5 frilled lizards
  5 rats
  2 starspawn tentacles (Abyss:3)
  6 tentacles
1741 creatures vanquished.

Vanquished Creatures (others)
  An ironbound preserver (Vaults:5)
  A white draconian (Depths:4)
  A merfolk impaler (Shoals:4)
  An ogre mage (Vaults:5)
  A naga mage (Snake:4)
  A flying skull (Abyss:3)
  A water elemental (D:10)
  An air elemental (D:10)
  A yak (Lair:3)
  2 starspawn tentacles (Abyss:3)
  10 tentacles
21 creatures vanquished.

Grand Total: 1762 creatures vanquished

Notes
Turn   | Place    | Note
-------+----------+-------------------------------------------
     0 | D:1      | qw the Gargoyle Fighter began the quest for the Orb.
     0 | D:1      | Reached XP level 1. HP: 14/14 MP: 1/1
     0 | D:1      | 0 ||| qw: Version: 0.3-a-46-gb1f654a
     0 | D:1      | 0 ||| qw: Game counter: 913
     0 | D:1      | 0 ||| qw: Melee chars always use a shield: true
     0 | D:1      | 0 ||| qw: God list: Okawaru
     0 | D:1      | 0 ||| qw: Allow faded altars: false
     0 | D:1      | 0 ||| qw: Do Orc after clearing Dungeon:15 true
     0 | D:1      | 0 ||| qw: Do second Lair branch before Depths: true
     0 | D:1      | 0 ||| qw: Lair rune preference: random
     0 | D:1      | 0 ||| qw: Goals: Normal, Zot:1-4, Slime:5, God:TSO, Crypt,
                  | Tomb, Abyss, Pan, Hells, Win
     0 | D:1      | 0 ||| PLANNING D:1-11
   166 | D:1      | 166 ||| Stepping ~*~*~tactically~*~*~ (hiding).
   167 | D:1      | 167 ||| Stepping ~*~*~tactically~*~*~ (hiding).
   173 | D:1      | Reached XP level 2. HP: 19/19 MP: 2/2
   813 | D:1      | 813 ||| READING scroll labelled SACIUMPA ECYMYSUT.
   814 | D:1      | 814 ||| READING scroll labelled NEXTUL UCUAXOI.
   815 | D:1      | 815 ||| READING 2 scrolls labelled OLIESA BIMP.
   816 | D:1      | 816 ||| READING scroll labelled SIUCUE VORPH.
   819 | D:1      | 819 ||| READING scroll labelled XIYL SUMOXT.
   820 | D:1      | 820 ||| READING scroll labelled EMOCSA WUPLUDA.
   821 | D:1      | 821 ||| DROPPING scroll of vulnerability.
   837 | D:2      | Reached skill level 3 in Axes
   837 | D:2      | Reached XP level 3. HP: 23/23 MP: 3/3
  1105 | D:2      | 1105 ||| Stepping ~*~*~tactically~*~*~ (stealth).
  1107 | D:2      | 1107 ||| Stepping ~*~*~tactically~*~*~ (stealth).
  1109 | D:2      | 1109 ||| Stepping ~*~*~tactically~*~*~ (stealth).
  1136 | D:2      | 1136 ||| Stepping ~*~*~tactically~*~*~ (stealth).
  1144 | D:2      | Reached XP level 4. HP: 23/28 MP: 4/4
  1229 | D:2      | 1229 ||| Stepping ~*~*~tactically~*~*~ (stealth).
  1266 | D:2      | Noticed Robin
  1266 | D:2      | Noticed Terence
  1273 | D:2      | Killed Terence
  1273 | D:2      | HP: 5/28 [hobgoblin[Robin] (4)]
  1274 | D:2      | 1274 ||| READING scroll of teleportation.
  1277 | D:2      | Reached XP level 5. HP: 7/32 MP: 5/5
  1317 | D:2      | 1317 ||| FLEEEEING.
  1327 | D:2      | 1327 ||| STAIRDANCE
  1374 | D:1      | 1374 ||| UPGRADING to amulet of regeneration.
  1405 | D:2      | 1405 ||| Stepping ~*~*~tactically~*~*~ (stealth).
  1410 | D:2      | 1410 ||| Stepping ~*~*~tactically~*~*~ (hiding).
  1416 | D:2      | Killed Robin
  1433 | D:2      | Noticed Natasha
  1434 | D:2      | 1434 ||| Stepping ~*~*~tactically~*~*~ (hiding).
  1435 | D:2      | 1435 ||| Stepping ~*~*~tactically~*~*~ (hiding).
  1444 | D:2      | Killed Natasha
  1466 | D:2      | 1466 ||| DROPPING +0 club.
  1582 | D:2      | Noticed Natasha
  1587 | D:2      | Killed Natasha
  1806 | D:2      | Identified the +6 war axe of Bodily Harmony {venom, Fly rC-
                  | Str-5 SInv}
  1808 | D:2      | 1808 ||| SWAPPING to +6 war axe of Bodily Harmony {venom,
                  | Fly rC- Str-5 SInv}.
  1880 | D:2      | 1880 ||| UPGRADING to +0 helmet.
  1885 | D:2      | 1885 ||| UPGRADING to +0 plate armour.
  1895 | D:2      | 1895 ||| DROPPING +0 scale mail.
  1896 | D:2      | 1896 ||| READING 2 scrolls labelled PUDESIAMAQ.
  1897 | D:2      | 1897 ||| READING scroll labelled COWICO CAGA.
  1897 | D:2      | Identified a scroll of acquirement
  1897 | D:2      | 1897 ||| ACQUIRING 735 gold pieces
  1897 | D:2      | Acquired 735 gold pieces
  1899 | D:2      | 1899 ||| READING 2 scrolls of identify.
  1899 | D:2      | 1899 ||| IDENTIFYING silvery potion
  1900 | D:2      | 1900 ||| DROPPING scroll of poison.
  1982 | D:3      | 1982 ||| Stepping ~*~*~tactically~*~*~ (stealth).
  1994 | D:3      | 1994 ||| Stepping ~*~*~tactically~*~*~ (stealth).
  1995 | D:3      | 1995 ||| Stepping ~*~*~tactically~*~*~ (stealth).
  2012 | D:3      | Reached XP level 6. HP: 38/38 MP: 6/6
  2015 | D:3      | Found a white marble altar of Elyvilon.
  2038 | D:3      | 2038 ||| Stepping ~*~*~tactically~*~*~ (stealth).
  2084 | D:3      | Found a sparkling altar of Nemelex Xobeh.
  2426 | D:3      | 2426 ||| DROPPING +0 whip.
  2427 | D:3      | Found a burning altar of Makhleb.
  2454 | D:3      | 2454 ||| Stepping ~*~*~tactically~*~*~ (stealth).
  2472 | D:3      | 2472 ||| Stepping ~*~*~tactically~*~*~ (stealth).
  2678 | D:3      | Found a faded altar of an unknown god.
  2768 | D:3      | Reached skill level 6 in Axes
  2782 | D:3      | 2782 ||| Stepping ~*~*~tactically~*~*~ (hiding).
  2786 | D:3      | 2786 ||| Stepping ~*~*~tactically~*~*~ (hiding).
  2787 | D:3      | 2787 ||| Stepping ~*~*~tactically~*~*~ (hiding).
  2788 | D:3      | 2788 ||| Stepping ~*~*~tactically~*~*~ (hiding).
  2796 | D:3      | Reached skill level 4 in Armour
  2796 | D:3      | Reached XP level 7. HP: 43/43 MP: 7/7
  3219 | D:3      | 3219 ||| READING scroll labelled UZANEE XYPY.
  3220 | D:3      | 3220 ||| READING 2 scrolls labelled ISIHOQ OZIGIBB.
  3221 | D:3      | 3221 ||| READING scroll labelled VETYSO KIUTOB.
  3222 | D:3      | 3222 ||| READING scroll labelled KUYWNI EGOOV.
  3223 | D:3      | 3223 ||| DRINKING 2 orange potions.
  3224 | D:3      | 3224 ||| READING 4 scrolls of identify.
  3224 | D:3      | 3224 ||| IDENTIFYING lumpy red potion
  3225 | D:3      | 3225 ||| DROPPING scroll of revelation.
  3305 | D:4      | Found a transporter.
  3307 | D:4      | Noticed qw's ghost (amateur MiHs)
  3318 | D:4      | Found a transporter.
  3379 | D:4      | 3379 ||| Stepping ~*~*~tactically~*~*~ (stealth).
  3380 | D:4      | 3380 ||| Stepping ~*~*~tactically~*~*~ (stealth).
  3426 | D:4      | 3426 ||| Stepping ~*~*~tactically~*~*~ (hiding).
  3427 | D:4      | 3427 ||| Stepping ~*~*~tactically~*~*~ (hiding).
  3476 | D:4      | 3476 ||| Stepping ~*~*~tactically~*~*~ (stealth).
  3534 | D:4      | Found Zin's Purification Station.
  3537 | D:4      | Found a glowing silver altar of Zin.
  3540 | D:4      | 3540 ||| BUYING potion of curing (90 gold).
  3540 | D:4      | Bought a potion of curing for 90 gold pieces
  3810 | D:4      | Found a staircase to the Ecumenical Temple.
  3811 | D:4      | 3811 ||| PLANNING TEMPLE
  3811 | D:4      | 3811 ||| READING scroll labelled VIASTR OFUL.
  3815 | Temple   | Entered the Ecumenical Temple
  3877 | Temple   | 3877 ||| PLANNING OKAWARU WORSHIP
  4018 | Temple   | Became a worshipper of Warmaster Okawaru
  4019 | Temple   | 4019 ||| PLANNING D:1-11
  4079 | D:5      | Entered Level 5 of the Dungeon
  4080 | D:5      | 4080 ||| PLANNING OSSUARY
  4099 | D:5      | Reached XP level 8. HP: 49/49 MP: 8/8
  4100 | D:5      | Noticed a troll
  4110 | D:5      | Killed a troll
  4111 | D:5      | 4111 ||| FLEEEEING.
  4112 | D:5      | 4112 ||| FLEEEEING.
  4113 | D:5      | 4113 ||| FLEEEEING.
  4114 | D:5      | 4114 ||| FLEEEEING.
  4115 | D:5      | 4115 ||| FLEEEEING.
  4116 | D:5      | 4116 ||| FLEEEEING.
  4117 | D:5      | 4117 ||| FLEEEEING.
  4118 | D:5      | 4118 ||| STAIRDANCE
  4231 | D:5      | 4231 ||| Stepping ~*~*~tactically~*~*~ (stealth).
  4237 | D:5      | 4237 ||| Stepping ~*~*~tactically~*~*~ (stealth).
  4271 | D:5      | Identified the +9 dagger of Dohuffu {pain, *Slow rC+++
                  | rCorr Dex-2}
  4309 | D:5      | Found a runed translucent door.
  4310 | D:5      | Noticed Crazy Yiuf
  4457 | D:5      | Noticed Ijyb
  4458 | D:5      | 4458 ||| Stepping ~*~*~tactically~*~*~ (hiding).
  4472 | D:5      | Killed Ijyb
  4473 | D:5      | Reached skill level 5 in Armour
  4484 | D:5      | Found a sand-covered staircase.
  4485 | D:5      | 4485 ||| UPGRADING to +1 pair of boots.
  4490 | D:5      | 4490 ||| READING scroll labelled ALOIVV SISMU.
  4506 | Ossuary  | Entered an ossuary
  4513 | Ossuary  | Reached * piety under Okawaru
  4529 | Ossuary  | Reached skill level 1 in Invocations
  4547 | Ossuary  | 4547 ||| Stepping ~*~*~tactically~*~*~ (stealth).
  4570 | Ossuary  | 4570 ||| Stepping ~*~*~tactically~*~*~ (hiding).
  4589 | Ossuary  | 4589 ||| FLEEEEING.
  4595 | Ossuary  | 4595 ||| Stepping ~*~*~tactically~*~*~ (stealth).
  4603 | Ossuary  | Reached skill level 6 in Fighting
  4607 | Ossuary  | 4607 ||| Stepping ~*~*~tactically~*~*~ (stealth).
  4608 | Ossuary  | 4608 ||| Stepping ~*~*~tactically~*~*~ (stealth).
  4624 | Ossuary  | Reached skill level 1 in Dodging
  4642 | Ossuary  | Reached skill level 3 in Invocations
  4642 | Ossuary  | 4642 ||| Stepping ~*~*~tactically~*~*~ (stealth).
  4647 | Ossuary  | 4647 ||| Stepping ~*~*~tactically~*~*~ (stealth).
  4649 | Ossuary  | 4649 ||| Stepping ~*~*~tactically~*~*~ (stealth).
  4665 | Ossuary  | 4665 ||| Stepping ~*~*~tactically~*~*~ (stealth).
  4685 | Ossuary  | Reached XP level 9. HP: 55/55 MP: 11/11
  4696 | Ossuary  | 4696 ||| Stepping ~*~*~tactically~*~*~ (stealth).
  4801 | Ossuary  | Reached ** piety under Okawaru
  4831 | Ossuary  | Reached skill level 9 in Axes
  4855 | Ossuary  | 4855 ||| READING scroll labelled TOSETE OFYN.
  4856 | Ossuary  | 4856 ||| DRINKING 2 blue potions.
  4857 | Ossuary  | 4857 ||| DRINKING 2 glowing puce potions.
  4857 | Ossuary  | Gained mutation: You are partially covered in iridescent
                  | scales. (AC +2) [potion of mutation]
  4857 | Ossuary  | Gained mutation: You are frail. (-10% HP) [potion of
                  | mutation]
  4857 | Ossuary  | Gained mutation: You are partially covered in large bone
                  | plates. (SH +4) [potion of mutation]
  4858 | Ossuary  | 4858 ||| DRINKING potion of mutation.
  4858 | Ossuary  | Lost mutation: You are partially covered in large bone
                  | plates. (SH +4) [potion of mutation]
  4858 | Ossuary  | Lost mutation: You are frail. (-10% HP) [potion of
                  | mutation]
  4858 | Ossuary  | Gained mutation: Your spells are a little easier to cast,
                  | but a little less powerful. [potion of mutation]
  4864 | Ossuary  | 4864 ||| READING 7 scrolls of identify.
  4864 | Ossuary  | 4864 ||| IDENTIFYING golden potion
  4865 | Ossuary  | 4865 ||| READING 6 scrolls of identify.
  4865 | Ossuary  | 4865 ||| IDENTIFYING fizzy dark potion
  4866 | Ossuary  | 4866 ||| READING 5 scrolls of identify.
  4866 | Ossuary  | 4866 ||| IDENTIFYING green potion
  4867 | Ossuary  | 4867 ||| DROPPING potion of degeneration.
  4868 | Ossuary  | 4868 ||| DROPPING potion of ambrosia.
  4886 | D:5      | 4886 ||| PLANNING D:1-11
  4890 | D:5      | 4890 ||| READING scroll of enchant armour.
  4890 | D:5      | 4890 ||| ENCHANTING +0 helmet.
  4921 | D:5      | Noticed Eustachio
  4922 | D:5      | 4922 ||| INVOKING Heroism.
  4944 | D:5      | 4944 ||| INVOKING Heroism.
  4947 | D:5      | Killed Eustachio
  5105 | D:5      | 5105 ||| UPGRADING to amulet of reflection.
  5115 | D:5      | 5115 ||| DROPPING amulet of regeneration.
  5218 | D:6      | Reached skill level 6 in Armour
  5443 | D:6      | 5443 ||| Stepping ~*~*~tactically~*~*~ (hiding).
  5468 | D:6      | 5468 ||| Stepping ~*~*~tactically~*~*~ (stealth).
  5558 | D:6      | Found a snail-covered altar of Cheibriados.
  5880 | D:6      | 5880 ||| READING 5 scrolls of identify.
  5880 | D:6      | 5880 ||| IDENTIFYING red potion
  5881 | D:6      | 5881 ||| READING 4 scrolls of identify.
  5881 | D:6      | 5881 ||| IDENTIFYING metallic pink potion
  5882 | D:6      | 5882 ||| READING 3 scrolls of identify.
  5882 | D:6      | 5882 ||| IDENTIFYING amethyst potion
  5883 | D:6      | 5883 ||| DROPPING potion of brilliance.
  5914 | D:7      | 5914 ||| Stepping ~*~*~tactically~*~*~ (hiding).
  5972 | D:7      | 5972 ||| INVOKING Heroism.
  6058 | D:7      | 6058 ||| INVOKING Heroism.
  6067 | D:7      | Reached XP level 10. HP: 62/63 MP: 11/13
  6443 | D:7      | 6443 ||| Stepping ~*~*~tactically~*~*~ (stealth).
  6445 | D:7      | 6445 ||| Stepping ~*~*~tactically~*~*~ (hiding).
  6447 | D:7      | 6447 ||| Stepping ~*~*~tactically~*~*~ (hiding).
  6448 | D:7      | 6448 ||| INVOKING Heroism.
  7031 | D:7      | 7031 ||| DROPPING +6 ring of intelligence.
  7032 | D:7      | 7032 ||| DRINKING 2 emerald potions.
  7033 | D:7      | 7033 ||| READING 5 scrolls of identify.
  7033 | D:7      | 7033 ||| IDENTIFYING fizzy brown potion
  7034 | D:7      | 7034 ||| DROPPING potion of berserk rage.
  7124 | D:8      | 7124 ||| Stepping ~*~*~tactically~*~*~ (hiding).
  7126 | D:8      | 7126 ||| Stepping ~*~*~tactically~*~*~ (hiding).
  7161 | D:8      | Reached skill level 7 in Armour
  7227 | D:8      | Found a basalt altar of Yredelemnul.
  7248 | D:8      | Noticed Maggie
  7249 | D:8      | 7249 ||| Stepping ~*~*~tactically~*~*~ (hiding).
  7250 | D:8      | 7250 ||| Stepping ~*~*~tactically~*~*~ (hiding).
  7266 | D:8      | Killed Maggie
  7266 | D:8      | Reached *** piety under Okawaru
  7276 | D:8      | 7276 ||| DROPPING +0 flail.
  7277 | D:8      | 7277 ||| DROPPING +2 flail of draining.
  7326 | D:8      | 7326 ||| Stepping ~*~*~tactically~*~*~ (hiding).
  7418 | D:8      | Found a shimmering blue altar of Sif Muna.
  7525 | D:8      | 7525 ||| Stepping ~*~*~tactically~*~*~ (hiding).
  7554 | D:8      | 7554 ||| Stepping ~*~*~tactically~*~*~ (stealth).
  7563 | D:8      | 7563 ||| Stepping ~*~*~tactically~*~*~ (hiding).
  7569 | D:8      | 7569 ||| INVOKING Heroism.
  7737 | D:8      | Found Ea-nāṣir's Fine Metal Goods.
  7746 | D:8      | 7746 ||| BUYING glowing tower shield (240 gold).
  7746 | D:8      | Bought a glowing tower shield for 240 gold pieces
  7846 | D:8      | 7846 ||| UPGRADING to +2 tower shield of positive energy.
  7856 | D:8      | 7856 ||| DROPPING +0 buckler.
  7857 | D:8      | 7857 ||| UPGRADING to +5 ring of evasion.
  7858 | D:8      | 7858 ||| READING scroll labelled FEPTIE HIVER.
  7885 | D:9      | 7885 ||| Stepping ~*~*~tactically~*~*~ (stealth).
  7886 | D:9      | 7886 ||| Stepping ~*~*~tactically~*~*~ (stealth).
  7887 | D:9      | 7887 ||| Stepping ~*~*~tactically~*~*~ (stealth).
  7888 | D:9      | 7888 ||| Stepping ~*~*~tactically~*~*~ (stealth).
  7903 | D:9      | Reached skill level 6 in Shields
  7991 | D:9      | Reached **** piety under Okawaru
  7994 | D:9      | 7994 ||| INVOKING Heroism.
  8331 | D:9      | Noticed a two-headed ogre
  8332 | D:9      | 8332 ||| INVOKING Heroism.
  8339 | D:9      | Killed a two-headed ogre
  8340 | D:9      | Reached XP level 11. HP: 67/68 MP: 12/14
  8382 | D:9      | 8382 ||| Stepping ~*~*~tactically~*~*~ (stealth).
  8384 | D:9      | 8384 ||| Stepping ~*~*~tactically~*~*~ (stealth).
  8386 | D:9      | 8386 ||| Stepping ~*~*~tactically~*~*~ (stealth).
  8388 | D:9      | 8388 ||| Stepping ~*~*~tactically~*~*~ (stealth).
  8390 | D:9      | 8390 ||| Stepping ~*~*~tactically~*~*~ (stealth).
  8391 | D:9      | 8391 ||| Stepping ~*~*~tactically~*~*~ (hiding).
  8392 | D:9      | 8392 ||| Stepping ~*~*~tactically~*~*~ (hiding).
  8453 | D:9      | 8453 ||| Stepping ~*~*~tactically~*~*~ (hiding).
  8454 | D:9      | 8454 ||| Stepping ~*~*~tactically~*~*~ (hiding).
  8455 | D:9      | 8455 ||| Stepping ~*~*~tactically~*~*~ (hiding).
  8767 | D:9      | Found a staircase to the Lair.
  8768 | D:9      | 8768 ||| INVOKING Heroism.
  8821 | D:9      | Found a sacrificial altar of Ru.
  8882 | D:9      | 8882 ||| Stepping ~*~*~tactically~*~*~ (hiding).
  8996 | D:9      | 8996 ||| Stepping ~*~*~tactically~*~*~ (cloud).
  8997 | D:9      | 8997 ||| UPGRADING to amulet of faith.
  9002 | D:9      | 9002 ||| INVOKING Heroism.
  9024 | D:9      | 9024 ||| UPGRADING to amulet of faith.
  9029 | D:9      | 9029 ||| READING scroll labelled METRIU ZOFFUO.
  9166 | D:10     | Entered Level 10 of the Dungeon
  9171 | D:10     | Found a large runed translucent door.
  9172 | D:10     | Found a large runed translucent door.
  9201 | D:10     | Received a gift from Okawaru
  9227 | D:10     | 9227 ||| Stepping ~*~*~tactically~*~*~ (stealth).
  9230 | D:10     | 9230 ||| Stepping ~*~*~tactically~*~*~ (stealth).
  9246 | D:10     | Reached skill level 1 in Throwing
  9252 | D:10     | Reached skill level 6 in Invocations
  9254 | D:10     | Reached skill level 9 in Shields
  9267 | D:10     | 9267 ||| Stepping ~*~*~tactically~*~*~ (hiding).
  9389 | D:10     | 9389 ||| INVOKING Heroism.
  9415 | D:10     | Found a broken altar of Ashenzari.
  9477 | D:10     | 9477 ||| Stepping ~*~*~tactically~*~*~ (stealth).
 10043 | D:9      | 10043 ||| PLANNING LAIR
 10176 | Lair:1   | Entered Level 1 of the Lair of Beasts
 10183 | Lair:1   | 10183 ||| INVOKING Heroism.
 10230 | Lair:1   | 10230 ||| Stepping ~*~*~tactically~*~*~ (stealth).
 10232 | Lair:1   | 10232 ||| Stepping ~*~*~tactically~*~*~ (stealth).
 10240 | Lair:1   | 10240 ||| INVOKING Heroism.
 10314 | Lair:1   | Reached ***** piety under Okawaru
 10357 | Lair:1   | 10357 ||| Stepping ~*~*~tactically~*~*~ (stealth).
 10360 | Lair:1   | 10360 ||| INVOKING Heroism.
 10410 | Lair:1   | 10410 ||| Stepping ~*~*~tactically~*~*~ (stealth).
 10412 | Lair:1   | 10412 ||| Stepping ~*~*~tactically~*~*~ (stealth).
 10752 | Lair:1   | Identified the +1 robe of Catatonia {rF+ rN+ Int+4}
 10890 | Lair:2   | 10890 ||| INVOKING Heroism.
 10896 | Lair:2   | Noticed a harpy
 10915 | Lair:2   | Killed a harpy
 10949 | Lair:2   | 10949 ||| FLEEEEING.
 10950 | Lair:2   | 10950 ||| FLEEEEING.
 10951 | Lair:2   | 10951 ||| STAIRDANCE
 11010 | Lair:2   | 11010 ||| INVOKING Heroism.
 11046 | Lair:2   | Found a staircase to the Snake Pit.
 11053 | Lair:2   | Reached XP level 12. HP: 64/73 MP: 18/18
 11055 | Lair:2   | 11055 ||| INVOKING Heroism.
 11229 | Lair:2   | Identified the +1 hand axe of Okawaru's Benevolence {spect,
                  | rPois rC+ Str-3 Int+4} (Okawaru gifted it to you on level 2
                  | of the Lair of Beasts)
 11229 | Lair:2   | Received a gift from Okawaru
 11230 | Lair:2   | Reached skill level 9 in Invocations
 11359 | Lair:2   | Found a staircase to the Shoals.
 11469 | Lair:2   | Noticed Gastronok
 11470 | Lair:2   | 11470 ||| INVOKING Heroism.
 11484 | Lair:2   | 11484 ||| INVOKING Heroism.
 11493 | Lair:2   | Killed Gastronok
 11652 | Lair:2   | 11652 ||| INVOKING Heroism.
 11866 | Lair:2   | 11866 ||| INVOKING Heroism.
 11946 | Lair:2   | 11946 ||| UPGRADING to +2 pair of gloves.
 11951 | Lair:2   | 11951 ||| UPGRADING to +2 helmet.
 11961 | Lair:2   | 11961 ||| DROPPING +1 helmet.
 12012 | Lair:3   | 12012 ||| READING scroll of enchant armour.
 12012 | Lair:3   | 12012 ||| ENCHANTING +1 pair of boots.
 12080 | Lair:3   | Received a gift from Okawaru
 12081 | Lair:3   | Reached skill level 12 in Shields
 12082 | Lair:3   | 12082 ||| SWAPPING to +3 broad axe of draining.
 12083 | Lair:3   | 12083 ||| READING scroll of brand weapon.
 12083 | Lair:3   | 12083 ||| BRANDING +3 broad axe of draining.
 12084 | Lair:3   | 12084 ||| DROPPING +0 heavy war axe.
 12085 | Lair:3   | 12085 ||| DROPPING +6 war axe of Bodily Harmony {venom, Fly
                  | rC- Str-5 SInv}.
 12108 | Lair:3   | Noticed a catoblepas
 12109 | Lair:3   | 12109 ||| INVOKING Heroism.
 12110 | Lair:3   | 12110 ||| INVOKING Finesse.
 12131 | Lair:3   | Killed a catoblepas
 12317 | Lair:3   | 12317 ||| INVOKING Heroism.
 12330 | Lair:3   | Identified the +6 quarterstaff of the Destroying Madman
                  | {freeze, rPois Str+3 Int+2}
 12967 | Lair:4   | 12967 ||| Stepping ~*~*~tactically~*~*~ (stealth).
 12969 | Lair:4   | 12969 ||| INVOKING Heroism.
 13031 | Lair:4   | 13031 ||| Stepping ~*~*~tactically~*~*~ (stealth).
 13036 | Lair:4   | 13036 ||| INVOKING Heroism.
 13064 | Lair:4   | Reached skill level 8 in Armour
 13078 | Lair:4   | Noticed an eight-headed hydra
 13079 | Lair:4   | 13079 ||| Stepping ~*~*~tactically~*~*~ (stealth).
 13145 | Lair:4   | 13145 ||| Stepping ~*~*~tactically~*~*~ (stealth).
 13146 | Lair:4   | 13146 ||| Stepping ~*~*~tactically~*~*~ (stealth).
 13147 | Lair:4   | 13147 ||| Stepping ~*~*~tactically~*~*~ (stealth).
 13150 | Lair:4   | 13150 ||| Stepping ~*~*~tactically~*~*~ (stealth).
 13151 | Lair:4   | 13151 ||| INVOKING Heroism.
 13164 | Lair:4   | 13164 ||| READING scroll of enchant weapon.
 13164 | Lair:4   | 13164 ||| ENCHANTING +3 broad axe of protection.
 13183 | Lair:4   | 13183 ||| Stepping ~*~*~tactically~*~*~ (stealth).
 13195 | Lair:4   | Reached XP level 13. HP: 78/78 MP: 20/20
 13206 | Lair:4   | Identified the +4 war axe of Gravity {freeze, rElec rN+
                  | rCorr} (Okawaru gifted it to you on level 4 of the Lair of
                  | Beasts)
 13206 | Lair:4   | Received a gift from Okawaru
 13256 | Lair:4   | Identified the orb of Boredom {*channel, Rampage Will+
                  | Str+4}
 13369 | Lair:4   | Reached skill level 9 in Fighting
 13411 | Lair:4   | 13411 ||| INVOKING Heroism.
 13412 | Lair:4   | 13412 ||| INVOKING Finesse.
 13415 | Lair:4   | 13415 ||| SWAPPING to +2 heavy morningstar.
 13424 | Lair:4   | 13424 ||| SWAPPING to +4 broad axe of protection.
 13469 | Lair:4   | 13469 ||| Stepping ~*~*~tactically~*~*~ (stealth).
 13472 | Lair:4   | 13472 ||| INVOKING Heroism.
 13904 | Lair:5   | Entered Level 5 of the Lair of Beasts
 13983 | Lair:5   | 13983 ||| Stepping ~*~*~tactically~*~*~ (stealth).
 14071 | Lair:5   | 14071 ||| Stepping ~*~*~tactically~*~*~ (stealth).
 14072 | Lair:5   | 14072 ||| Stepping ~*~*~tactically~*~*~ (stealth).
 14075 | Lair:5   | 14075 ||| Stepping ~*~*~tactically~*~*~ (stealth).
 14086 | Lair:5   | Reached skill level 12 in Axes
 14152 | Lair:5   | 14152 ||| READING scroll of enchant weapon.
 14152 | Lair:5   | 14152 ||| ENCHANTING +4 broad axe of protection.
 14154 | Lair:5   | 14154 ||| INVOKING Heroism.
 14158 | Lair:5   | 14158 ||| INVOKING Finesse.
 14231 | Lair:5   | 14231 ||| Stepping ~*~*~tactically~*~*~ (stealth).
 14245 | Lair:5   | 14245 ||| Stepping ~*~*~tactically~*~*~ (stealth).
 14246 | Lair:5   | 14246 ||| Stepping ~*~*~tactically~*~*~ (stealth).
 14248 | Lair:5   | 14248 ||| INVOKING Heroism.
 14257 | Lair:5   | Reached skill level 9 in Armour
 14353 | Lair:5   | 14353 ||| Stepping ~*~*~tactically~*~*~ (stealth).
 14354 | Lair:5   | 14354 ||| Stepping ~*~*~tactically~*~*~ (stealth).
 14434 | Lair:5   | Found a staircase to the Slime Pits.
 14479 | Lair:5   | 14479 ||| READING scroll of brand weapon.
 14479 | Lair:5   | 14479 ||| BRANDING +5 broad axe of protection.
 14561 | Lair:5   | 14561 ||| Stepping ~*~*~tactically~*~*~ (stealth).
 14597 | Lair:5   | 14597 ||| Stepping ~*~*~tactically~*~*~ (stealth).
 14598 | Lair:5   | 14598 ||| Stepping ~*~*~tactically~*~*~ (stealth).
 14609 | Lair:5   | Received a gift from Okawaru
 14610 | Lair:5   | 14610 ||| Stepping ~*~*~tactically~*~*~ (stealth).
 14623 | Lair:5   | 14623 ||| INVOKING Heroism.
 14636 | Lair:5   | 14636 ||| INVOKING Heroism.
 14673 | Lair:5   | 14673 ||| INVOKING Finesse.
 14679 | Lair:5   | 14679 ||| SWAPPING to +2 heavy morningstar.
 14684 | Lair:5   | 14684 ||| INVOKING Heroism.
 14690 | Lair:5   | 14690 ||| SWAPPING to +5 broad axe of venom.
 14723 | Lair:5   | 14723 ||| SWAPPING to +2 heavy morningstar.
 14724 | Lair:5   | 14724 ||| INVOKING Heroism.
 14727 | Lair:5   | 14727 ||| SWAPPING to +5 broad axe of venom.
 14738 | Lair:5   | 14738 ||| Stepping ~*~*~tactically~*~*~ (stealth).
 14778 | Lair:5   | 14778 ||| INVOKING Heroism.
 14808 | Lair:5   | 14808 ||| INVOKING Heroism.
 14859 | Lair:5   | 14859 ||| Stepping ~*~*~tactically~*~*~ (stealth).
 14864 | Lair:5   | Gained mutation: Your large and strong wings let you fly.
                  | [Gargoyle growth]
 14864 | Lair:5   | Reached XP level 14. HP: 88/88 MP: 21/21
 14942 | Lair:5   | Found a runed translucent door.
 14944 | Lair:5   | 14944 ||| INVOKING Heroism.
 14994 | Lair:5   | 14994 ||| Stepping ~*~*~tactically~*~*~ (stealth).
 14996 | Lair:5   | 14996 ||| INVOKING Heroism.
 15011 | Lair:5   | 15011 ||| Stepping ~*~*~tactically~*~*~ (stealth).
 15062 | Lair:5   | 15062 ||| Stepping ~*~*~tactically~*~*~ (hiding).
 15065 | Lair:5   | 15065 ||| INVOKING Heroism.
 15069 | Lair:5   | HP: 17/88 [lindwurm/blast of flame (23)]
 15070 | Lair:5   | 15070 ||| READING 10 scrolls of teleportation.
 15071 | Lair:5   | 15071 ||| DRINKING 2 potions of heal wounds.
 15097 | Lair:5   | Reached skill level 15 in Shields
 15329 | Lair:5   | 15329 ||| INVOKING Heroism.
 15369 | Lair:5   | Identified the +7 sling "Puhamuam" {antimagic, rPois rN+
                  | Dex-5 SInv}
 15560 | Lair:5   | Noticed a dire elephant
 15561 | Lair:5   | 15561 ||| INVOKING Heroism.
 15563 | Lair:5   | 15563 ||| Stepping ~*~*~tactically~*~*~ (stealth).
 15576 | Lair:5   | Killed a dire elephant
 15589 | Lair:5   | Reached skill level 10 in Armour
 15601 | Lair:5   | 15601 ||| INVOKING Finesse.
 15602 | Lair:5   | 15602 ||| INVOKING Heroism.
 15633 | Lair:5   | 15633 ||| Stepping ~*~*~tactically~*~*~ (stealth).
 15774 | Lair:5   | 15774 ||| Stepping ~*~*~tactically~*~*~ (stealth).
 15781 | Lair:5   | 15781 ||| INVOKING Heroism.
 15967 | Lair:5   | 15967 ||| PLANNING D:1-11
 15967 | Lair:5   | 15967 ||| DROPPING +2 pair of gloves.
 16363 | D:11     | 16363 ||| READING scroll of acquirement.
 16363 | D:11     | 16363 ||| ACQUIRING +0 pair of boots "Uwkoluw" {Str+3}
 16363 | D:11     | Acquired the +0 pair of boots "Uwkoluw" {Str+3}
 16365 | D:11     | 16365 ||| UPGRADING to +0 pair of boots "Uwkoluw" {Str+3}.
 16375 | D:11     | 16375 ||| DROPPING +2 pair of boots.
 16382 | D:11     | 16382 ||| Stepping randomly (disturbance).
 16383 | D:11     | 16383 ||| Stepping randomly (disturbance).
 16465 | D:11     | Noticed Amaemon
 16472 | D:11     | Killed Amaemon
 16556 | D:11     | Noticed Grum
 16557 | D:11     | 16557 ||| INVOKING Heroism.
 16558 | D:11     | 16558 ||| INVOKING Finesse.
 16568 | D:11     | Killed Grum
 16639 | D:11     | Received a gift from Okawaru
 16715 | D:11     | 16715 ||| INVOKING Heroism.
 16975 | D:11     | 16975 ||| DROPPING +1 helmet.
 17023 | D:11     | 17023 ||| Stepping ~*~*~tactically~*~*~ (hiding).
 17024 | D:11     | 17024 ||| Stepping ~*~*~tactically~*~*~ (hiding).
 17032 | D:11     | Received a gift from Okawaru
 17296 | D:11     | 17296 ||| PLANNING D
 17355 | D:12     | 17355 ||| Stepping ~*~*~tactically~*~*~ (stealth).
 17550 | D:12     | 17550 ||| Stepping ~*~*~tactically~*~*~ (stealth).
 17587 | D:12     | 17587 ||| Stepping ~*~*~tactically~*~*~ (hiding).
 17691 | D:12     | 17691 ||| Stepping ~*~*~tactically~*~*~ (stealth).
 17693 | D:12     | 17693 ||| READING 9 scrolls of teleportation.
 17694 | D:12     | 17694 ||| FLEEEEING.
 17759 | D:12     | Found a staircase to the Orcish Mines.
 17791 | D:12     | 17791 ||| Stepping ~*~*~tactically~*~*~ (hiding).
 17939 | D:12     | 17939 ||| Stepping ~*~*~tactically~*~*~ (stealth).
 17947 | D:12     | 17947 ||| READING 8 scrolls of teleportation.
 17948 | D:12     | 17948 ||| INVOKING Heroism.
 17954 | D:12     | Identified the +16 crystal plate armour of Dyl Vyed
                  | {Rampage rC+ Int+2} (Okawaru gifted it to you on level 12
                  | of the Dungeon)
 17954 | D:12     | Received a gift from Okawaru
 17974 | D:12     | 17974 ||| READING 7 scrolls of teleportation.
 17975 | D:12     | 17975 ||| Stepping ~*~*~tactically~*~*~ (stealth).
 18046 | D:12     | 18046 ||| INVOKING Heroism.
 18047 | D:12     | 18047 ||| READING 6 scrolls of teleportation.
 18128 | D:12     | 18128 ||| Stepping ~*~*~tactically~*~*~ (stealth).
 18250 | D:12     | 18250 ||| UPGRADING to +16 crystal plate armour of Dyl Vyed
                  | {Rampage rC+ Int+2}.
 18260 | D:12     | 18260 ||| DROPPING +0 plate armour.
 18261 | D:12     | 18261 ||| UPGRADING to scarf of resistance.
 18285 | D:13     | Noticed Nessos
 18285 | D:13     | Noticed Lodul
 18285 | D:13     | Found a gate to the Vaults.
 18286 | D:13     | 18286 ||| INVOKING Heroism.
 18287 | D:13     | 18287 ||| INVOKING Finesse.
 18290 | D:13     | Reached XP level 15. HP: 94/94 MP: 14/22
 18294 | D:13     | Reached skill level 3 in Throwing
 18294 | D:13     | Killed Lodul
 18306 | D:13     | Killed Nessos
 18337 | D:13     | Reached skill level 11 in Armour
 18388 | D:13     | 18388 ||| Stepping ~*~*~tactically~*~*~ (hiding).
 18724 | D:13     | Noticed Erolcha
 18730 | D:13     | Killed Erolcha
 19203 | D:13     | 19203 ||| DROPPING +0 hat of see invisible.
 19269 | D:14     | Reached skill level 12 in Armour
 19424 | D:14     | 19424 ||| INVOKING Heroism.
 19581 | D:14     | 19581 ||| READING scroll of enchant weapon.
 19581 | D:14     | 19581 ||| ENCHANTING +5 broad axe of venom.
 19665 | D:14     | 19665 ||| Stepping ~*~*~tactically~*~*~ (stealth).
 19667 | D:14     | 19667 ||| Stepping ~*~*~tactically~*~*~ (stealth).
 19672 | D:14     | Received a gift from Okawaru
 19676 | D:14     | 19676 ||| Stepping ~*~*~tactically~*~*~ (cloud).
 19694 | D:14     | 19694 ||| Stepping ~*~*~tactically~*~*~ (stealth).
 19798 | D:14     | 19798 ||| Stepping ~*~*~tactically~*~*~ (hiding).
 19831 | D:14     | Reached skill level 13 in Armour
 19834 | D:14     | Received a gift from Okawaru
 19855 | D:14     | 19855 ||| DROPPING +1 broad axe of draining.
 19866 | D:14     | 19866 ||| Stepping ~*~*~tactically~*~*~ (hiding).
 19868 | D:14     | 19868 ||| Stepping ~*~*~tactically~*~*~ (hiding).
 19888 | D:14     | Reached ****** piety under Okawaru
 20039 | D:14     | Found Faravagg's Neck Hole.
 20121 | D:14     | 20121 ||| BUYING +0 cloak (63 gold).
 20121 | D:14     | Bought a +0 cloak for 63 gold pieces
 20339 | D:14     | Noticed Frances
 20340 | D:14     | 20340 ||| INVOKING Heroism.
 20341 | D:14     | 20341 ||| INVOKING Finesse.
 20358 | D:14     | Killed Frances
 20405 | D:14     | 20405 ||| DROPPING +0 pair of gloves of hurling.
 20406 | D:14     | 20406 ||| DROPPING ring of magical power.
 20422 | D:15     | Entered Level 15 of the Dungeon
 20454 | D:15     | 20454 ||| Stepping ~*~*~tactically~*~*~ (hiding).
 20455 | D:15     | 20455 ||| Stepping ~*~*~tactically~*~*~ (hiding).
 20472 | D:15     | 20472 ||| Stepping ~*~*~tactically~*~*~ (hiding).
 20473 | D:15     | 20473 ||| Stepping ~*~*~tactically~*~*~ (hiding).
 20474 | D:15     | 20474 ||| SWAPPING to -2 demon whip of venom.
 20475 | D:15     | 20475 ||| INVOKING Heroism.
 20476 | D:15     | 20476 ||| INVOKING Finesse.
 20487 | D:15     | 20487 ||| SWAPPING to +6 broad axe of venom.
 20624 | D:15     | 20624 ||| INVOKING Heroism.
 20625 | D:15     | 20625 ||| Stepping ~*~*~tactically~*~*~ (stealth).
 20626 | D:15     | 20626 ||| Stepping ~*~*~tactically~*~*~ (stealth).
 20627 | D:15     | 20627 ||| INVOKING Finesse.
 20654 | D:15     | 20654 ||| INVOKING Finesse.
 20788 | D:15     | Found a portal to a secret trove of treasure.
 20824 | D:15     | 20824 ||| READING scroll of enchant weapon.
 20824 | D:15     | 20824 ||| ENCHANTING +6 broad axe of venom.
 20872 | D:15     | 20872 ||| Stepping ~*~*~tactically~*~*~ (hiding).
 20874 | D:15     | 20874 ||| SWAPPING to -2 demon whip of venom.
 20875 | D:15     | 20875 ||| INVOKING Heroism.
 20876 | D:15     | 20876 ||| INVOKING Finesse.
 20902 | D:15     | 20902 ||| SWAPPING to +7 broad axe of venom.
 21148 | D:15     | 21148 ||| Stepping ~*~*~tactically~*~*~ (hiding).
 21156 | D:15     | Reached XP level 16. HP: 81/100 MP: 23/23
 21170 | D:15     | 21170 ||| Stepping ~*~*~tactically~*~*~ (stealth).
 21202 | D:15     | 21202 ||| Stepping ~*~*~tactically~*~*~ (stealth).
 21203 | D:15     | 21203 ||| Stepping ~*~*~tactically~*~*~ (stealth).
 21230 | D:15     | 21230 ||| Stepping ~*~*~tactically~*~*~ (stealth).
 21238 | D:15     | 21238 ||| Stepping ~*~*~tactically~*~*~ (stealth).
 21239 | D:15     | 21239 ||| Stepping ~*~*~tactically~*~*~ (stealth).
 21240 | D:15     | 21240 ||| Stepping ~*~*~tactically~*~*~ (stealth).
 21241 | D:15     | 21241 ||| Stepping ~*~*~tactically~*~*~ (stealth).
 21242 | D:15     | 21242 ||| Stepping ~*~*~tactically~*~*~ (stealth).
 21260 | D:15     | Found a staircase to the Depths.
 21264 | D:15     | 21264 ||| PLANNING ORC
 21264 | D:15     | 21264 ||| DROPPING scarf of invisibility.
 21364 | Orc:1    | Entered Level 1 of the Orcish Mines
 21370 | Orc:1    | 21370 ||| INVOKING Heroism.
 21371 | Orc:1    | 21371 ||| INVOKING Finesse.
 21465 | Orc:1    | Found Naheub's Distillery.
 21475 | Orc:1    | 21475 ||| BUYING 2 potions of curing (90 gold).
 21475 | Orc:1    | Bought 2 potions of curing for 90 gold pieces
 21475 | Orc:1    | 21475 ||| BUYING 2 potions of enlightenment (150 gold).
 21475 | Orc:1    | Bought 2 potions of enlightenment for 150 gold pieces
 21475 | Orc:1    | 21475 ||| BUYING potion of curing (45 gold).
 21475 | Orc:1    | Bought a potion of curing for 45 gold pieces
 21475 | Orc:1    | 21475 ||| BUYING potion of curing (45 gold).
 21475 | Orc:1    | Bought a potion of curing for 45 gold pieces
 21475 | Orc:1    | 21475 ||| BUYING potion of enlightenment (75 gold).
 21475 | Orc:1    | Bought a potion of enlightenment for 75 gold pieces
 21475 | Orc:1    | 21475 ||| BUYING potion of heal wounds (75 gold).
 21475 | Orc:1    | Bought a potion of heal wounds for 75 gold pieces
 21475 | Orc:1    | 21475 ||| BUYING potion of lignification (45 gold).
 21475 | Orc:1    | Bought a potion of lignification for 45 gold pieces
 21475 | Orc:1    | 21475 ||| BUYING potion of mutation (120 gold).
 21475 | Orc:1    | Bought a potion of mutation for 120 gold pieces
 21497 | Orc:1    | Found Mesaoh's Antique Weapon Emporium.
 21509 | Orc:1    | 21509 ||| BUYING glowing morningstar (203 gold).
 21509 | Orc:1    | Bought a glowing morningstar for 203 gold pieces
 21509 | Orc:1    | 21509 ||| BUYING runed morningstar (203 gold).
 21509 | Orc:1    | Bought a runed morningstar for 203 gold pieces
 21509 | Orc:1    | 21509 ||| DROPPING +2 heavy morningstar.
 21510 | Orc:1    | 21510 ||| DROPPING -2 demon whip of venom.
 21511 | Orc:1    | 21511 ||| DROPPING +0 heavy morningstar.
 21529 | Orc:1    | Found Fynask's Weapon Shoppe.
 21736 | Orc:1    | Found Cemaohur's Antique Weapon Shoppe.
 21741 | Orc:1    | 21741 ||| BUYING runed morningstar (245 gold).
 21741 | Orc:1    | Bought a runed morningstar for 245 gold pieces
 21741 | Orc:1    | 21741 ||| DROPPING +4 morningstar of protection.
 21751 | Orc:1    | Reached skill level 15 in Axes
 21762 | Orc:1    | 21762 ||| INVOKING Heroism.
 21773 | Orc:1    | 21773 ||| Stepping ~*~*~tactically~*~*~ (stealth).
 21797 | Orc:1    | 21797 ||| Stepping ~*~*~tactically~*~*~ (stealth).
 21799 | Orc:1    | 21799 ||| Stepping ~*~*~tactically~*~*~ (stealth).
 21802 | Orc:1    | 21802 ||| Stepping ~*~*~tactically~*~*~ (stealth).
 21807 | Orc:1    | 21807 ||| Stepping ~*~*~tactically~*~*~ (hiding).
 21808 | Orc:1    | 21808 ||| Stepping ~*~*~tactically~*~*~ (hiding).
 21983 | Orc:1    | 21983 ||| INVOKING Heroism.
 22250 | Orc:2    | Entered Level 2 of the Orcish Mines
 22250 | Orc:2    | Found Tiameene's Distillery.
 22261 | Orc:2    | 22261 ||| BUYING 2 potions of curing (90 gold).
 22261 | Orc:2    | Bought 2 potions of curing for 90 gold pieces
 22261 | Orc:2    | 22261 ||| BUYING 2 potions of might (120 gold).
 22261 | Orc:2    | Bought 2 potions of might for 120 gold pieces
 22261 | Orc:2    | 22261 ||| BUYING potion of attraction (45 gold).
 22261 | Orc:2    | Bought a potion of attraction for 45 gold pieces
 22261 | Orc:2    | 22261 ||| BUYING potion of attraction (45 gold).
 22261 | Orc:2    | Bought a potion of attraction for 45 gold pieces
 22261 | Orc:2    | 22261 ||| BUYING potion of curing (45 gold).
 22261 | Orc:2    | Bought a potion of curing for 45 gold pieces
 22261 | Orc:2    | 22261 ||| BUYING potion of curing (45 gold).
 22261 | Orc:2    | Bought a potion of curing for 45 gold pieces
 22261 | Orc:2    | 22261 ||| BUYING potion of curing (45 gold).
 22261 | Orc:2    | Bought a potion of curing for 45 gold pieces
 22261 | Orc:2    | 22261 ||| BUYING potion of curing (45 gold).
 22261 | Orc:2    | Bought a potion of curing for 45 gold pieces
 22261 | Orc:2    | 22261 ||| BUYING potion of resistance (150 gold).
 22261 | Orc:2    | Bought a potion of resistance for 150 gold pieces
 22281 | Orc:2    | 22281 ||| Stepping ~*~*~tactically~*~*~ (hiding).
 22285 | Orc:2    | 22285 ||| Stepping ~*~*~tactically~*~*~ (hiding).
 22286 | Orc:2    | 22286 ||| Stepping ~*~*~tactically~*~*~ (hiding).
 22323 | Orc:2    | Reached skill level 12 in Fighting
 22345 | Orc:2    | Found a staircase to the Elven Halls.
 22352 | Orc:2    | 22352 ||| Stepping ~*~*~tactically~*~*~ (hiding).
 22353 | Orc:2    | 22353 ||| Stepping ~*~*~tactically~*~*~ (hiding).
 22354 | Orc:2    | 22354 ||| Stepping ~*~*~tactically~*~*~ (hiding).
 22545 | Orc:2    | 22545 ||| INVOKING Heroism.
 22577 | Orc:2    | 22577 ||| Stepping ~*~*~tactically~*~*~ (stealth).
 22579 | Orc:2    | 22579 ||| Stepping ~*~*~tactically~*~*~ (hiding).
 22584 | Orc:2    | 22584 ||| INVOKING Heroism.
 22615 | Orc:2    | 22615 ||| Stepping ~*~*~tactically~*~*~ (hiding).
 22617 | Orc:2    | 22617 ||| Stepping ~*~*~tactically~*~*~ (hiding).
 22638 | Orc:2    | 22638 ||| INVOKING Heroism.
 22652 | Orc:2    | 22652 ||| Stepping ~*~*~tactically~*~*~ (stealth).
 22653 | Orc:2    | 22653 ||| Stepping ~*~*~tactically~*~*~ (stealth).
 22709 | Orc:2    | 22709 ||| Stepping ~*~*~tactically~*~*~ (stealth).
 22710 | Orc:2    | 22710 ||| Stepping ~*~*~tactically~*~*~ (stealth).
 22744 | Orc:2    | 22744 ||| INVOKING Heroism.
 22809 | Orc:2    | 22809 ||| FLEEEEING.
 22810 | Orc:2    | 22810 ||| FLEEEEING.
 22812 | Orc:2    | 22812 ||| FLEEEEING.
 22854 | Orc:2    | 22854 ||| FLEEEEING.
 22855 | Orc:2    | 22855 ||| FLEEEEING.
 22916 | Orc:2    | 22916 ||| INVOKING Heroism.
 22966 | Orc:2    | Found Qiqat's General Store.
 22966 | Orc:2    | Found Seiqak's Assorted Antiques.
 22967 | Orc:2    | 22967 ||| INVOKING Heroism.
 23096 | Orc:2    | 23096 ||| BUYING potion of lignification (96 gold).
 23096 | Orc:2    | Bought a potion of lignification for 96 gold pieces
 23096 | Orc:2    | 23096 ||| SHOPLISTING scroll of acquirement (1664 gold,
                  | have 913).
 23254 | Orc:2    | 23254 ||| Stepping ~*~*~tactically~*~*~ (hiding).
 23255 | Orc:2    | 23255 ||| Stepping ~*~*~tactically~*~*~ (hiding).
 23272 | Orc:2    | Found Ostis's Weapon Emporium.
 23335 | Orc:2    | Found Buomit's Book Boutique.
 23336 | Orc:2    | 23336 ||| INVOKING Heroism.
 23365 | Orc:2    | Reached skill level 14 in Armour
 23529 | Orc:2    | 23529 ||| PLANNING SHOALS:1-3
 23802 | Shoals:1 | Entered Level 1 of the Shoals
 23803 | Shoals:1 | 23803 ||| INVOKING Heroism.
 23817 | Shoals:1 | Found Byetiem's Antique Armour Shop.
 23886 | Shoals:1 | Found Tazaa's Gadget Gallery.
 23962 | Shoals:1 | 23962 ||| Stepping ~*~*~tactically~*~*~ (stealth).
 24001 | Shoals:1 | 24001 ||| Stepping ~*~*~tactically~*~*~ (hiding).
 24003 | Shoals:1 | 24003 ||| INVOKING Heroism.
 24562 | Shoals:2 | 24562 ||| Stepping ~*~*~tactically~*~*~ (hiding).
 24690 | Shoals:2 | 24690 ||| INVOKING Heroism.
 24694 | Shoals:2 | Noticed Polyphemus
 24713 | Shoals:2 | Killed Polyphemus
 24794 | Shoals:2 | 24794 ||| INVOKING Heroism.
 24878 | Shoals:2 | 24878 ||| Stepping ~*~*~tactically~*~*~ (stealth).
 24923 | Shoals:2 | Received a gift from Okawaru
 24957 | Shoals:2 | 24957 ||| INVOKING Heroism.
 25041 | Shoals:2 | 25041 ||| INVOKING Heroism.
 25173 | Shoals:2 | Noticed a kraken
 25181 | Shoals:2 | Killed a kraken
 25182 | Shoals:2 | 25182 ||| FLEEEEING.
 25183 | Shoals:2 | 25183 ||| FLEEEEING.
 25723 | Shoals:1 | 25723 ||| BUYING glowing scarf (328 gold).
 25723 | Shoals:1 | Bought a glowing scarf for 328 gold pieces
 25723 | Shoals:1 | 25723 ||| DROPPING scarf of shadows.
 25791 | Shoals:3 | 25791 ||| INVOKING Heroism.
 25792 | Shoals:3 | 25792 ||| INVOKING Finesse.
 25797 | Shoals:3 | Noticed Ilsuiw
 25829 | Shoals:3 | 25829 ||| INVOKING Heroism.
 25844 | Shoals:3 | Received a gift from Okawaru
 25851 | Shoals:3 | 25851 ||| INVOKING Finesse.
 25899 | Shoals:3 | Killed Ilsuiw
 25900 | Shoals:3 | Reached XP level 17. HP: 65/106 MP: 17/24
 26011 | Shoals:3 | 26011 ||| INVOKING Heroism.
 26081 | Shoals:3 | 26081 ||| Stepping ~*~*~tactically~*~*~ (stealth).
 26082 | Shoals:3 | 26082 ||| Stepping ~*~*~tactically~*~*~ (stealth).
 26089 | Shoals:3 | 26089 ||| SWAPPING to +3 broad axe of flaming.
 26090 | Shoals:3 | 26090 ||| DROPPING +6 morningstar of protection.
 26179 | Shoals:3 | 26179 ||| INVOKING Heroism.
 26297 | Shoals:3 | 26297 ||| Stepping ~*~*~tactically~*~*~ (hiding).
 26300 | Shoals:3 | 26300 ||| Stepping ~*~*~tactically~*~*~ (hiding).
 26376 | Shoals:3 | Noticed Kirke
 26378 | Shoals:3 | Reached skill level 15 in Armour
 26392 | Shoals:3 | Killed Kirke
 26408 | Shoals:3 | 26408 ||| INVOKING Heroism.
 26409 | Shoals:3 | 26409 ||| INVOKING Finesse.
 26418 | Shoals:3 | Reached skill level 6 in Throwing
 26476 | Shoals:3 | 26476 ||| Stepping ~*~*~tactically~*~*~ (hiding).
 26477 | Shoals:3 | 26477 ||| Stepping ~*~*~tactically~*~*~ (hiding).
 26678 | Shoals:3 | 26678 ||| Stepping ~*~*~tactically~*~*~ (hiding).
 26810 | Shoals:3 | 26810 ||| INVOKING Heroism.
 27197 | Shoals:3 | 27197 ||| PLANNING SNAKE:1-3
 27299 | Snake:1  | Entered Level 1 of the Snake Pit
 27299 | Snake:1  | Found a glowing silver altar of Zin.
 27300 | Snake:1  | 27300 ||| INVOKING Heroism.
 27456 | Snake:1  | 27456 ||| FLEEEEING.
 27457 | Snake:1  | 27457 ||| FLEEEEING.
 27458 | Snake:1  | 27458 ||| FLEEEEING.
 27459 | Snake:1  | 27459 ||| FLEEEEING.
 27469 | Snake:1  | 27469 ||| Stepping ~*~*~tactically~*~*~ (hiding).
 27477 | Snake:1  | 27477 ||| INVOKING Heroism.
 27478 | Snake:1  | 27478 ||| Stepping ~*~*~tactically~*~*~ (hiding).
 27499 | Snake:1  | 27499 ||| Stepping ~*~*~tactically~*~*~ (hiding).
 27500 | Snake:1  | 27500 ||| Stepping ~*~*~tactically~*~*~ (hiding).
 27501 | Snake:1  | 27501 ||| Stepping ~*~*~tactically~*~*~ (hiding).
 27503 | Snake:1  | 27503 ||| Stepping ~*~*~tactically~*~*~ (hiding).
 27638 | Snake:1  | 27638 ||| Stepping ~*~*~tactically~*~*~ (hiding).
 27711 | Snake:1  | Noticed Donald
 27712 | Snake:1  | 27712 ||| INVOKING Heroism.
 27713 | Snake:1  | 27713 ||| INVOKING Finesse.
 27731 | Snake:1  | Killed Donald
 27731 | Snake:1  | Received a gift from Okawaru
 28646 | Snake:2  | Identified the +0 ring mail of Xuppuos {rF++ Regen+ Int-5}
                  | (Okawaru gifted it to you on level 2 of the Snake Pit)
 28646 | Snake:2  | Received a gift from Okawaru
 28654 | Snake:2  | 28654 ||| Stepping ~*~*~tactically~*~*~ (hiding).
 28707 | Snake:2  | Found Ysalewoxt's Jewellery Shoppe.
 28712 | Snake:2  | Identified the +3 whip of Defence {freeze, Str+2}
 28715 | Snake:2  | 28715 ||| BUYING ring of ice (450 gold).
 28715 | Snake:2  | Bought a ring of ice for 450 gold pieces
 28715 | Snake:2  | 28715 ||| BUYING ring of ice (450 gold).
 28715 | Snake:2  | Bought a ring of ice for 450 gold pieces
 28715 | Snake:2  | 28715 ||| SHOPLISTING ring of see invisible (270 gold, have
                  | 6).
 28715 | Snake:2  | Found Ixtonoc's Armour Emporium.
 29046 | Snake:2  | 29046 ||| Stepping ~*~*~tactically~*~*~ (hiding).
 29048 | Snake:2  | 29048 ||| Stepping ~*~*~tactically~*~*~ (hiding).
 29051 | Snake:2  | 29051 ||| Stepping ~*~*~tactically~*~*~ (hiding).
 29184 | Snake:2  | 29184 ||| Stepping ~*~*~tactically~*~*~ (stealth).
 29207 | Snake:2  | 29207 ||| Stepping ~*~*~tactically~*~*~ (stealth).
 29212 | Snake:2  | 29212 ||| INVOKING Heroism.
 29215 | Snake:2  | 29215 ||| Stepping ~*~*~tactically~*~*~ (hiding).
 29220 | Snake:2  | Noticed Vashnia
 29263 | Snake:2  | 29263 ||| Stepping ~*~*~tactically~*~*~ (hiding).
 29267 | Snake:2  | 29267 ||| INVOKING Heroism.
 29274 | Snake:2  | 29274 ||| Stepping ~*~*~tactically~*~*~ (hiding).
 29300 | Snake:2  | Killed Vashnia
 29301 | Snake:2  | 29301 ||| Stepping ~*~*~tactically~*~*~ (hiding).
 29584 | Snake:2  | 29584 ||| Stepping ~*~*~tactically~*~*~ (stealth).
 29706 | Snake:2  | 29706 ||| DROPPING scarf of invisibility.
 29707 | Snake:2  | 29707 ||| UPGRADING to +4 ring of protection.
 29792 | Snake:3  | Reached skill level 3 in Dodging
 29833 | Snake:3  | 29833 ||| Stepping ~*~*~tactically~*~*~ (hiding).
 29953 | Snake:3  | 29953 ||| READING scroll of brand weapon.
 29953 | Snake:3  | 29953 ||| BRANDING +3 broad axe of flaming.
 29954 | Snake:3  | 29954 ||| SWAPPING to +7 broad axe of venom.
 29955 | Snake:3  | 29955 ||| DROPPING +3 broad axe of venom.
 29990 | Snake:3  | 29990 ||| Stepping ~*~*~tactically~*~*~ (hiding).
 29991 | Snake:3  | 29991 ||| Stepping ~*~*~tactically~*~*~ (hiding).
 29992 | Snake:3  | 29992 ||| Stepping ~*~*~tactically~*~*~ (hiding).
 29995 | Snake:3  | 29995 ||| Stepping ~*~*~tactically~*~*~ (hiding).
 29997 | Snake:3  | 29997 ||| Stepping ~*~*~tactically~*~*~ (hiding).
 30155 | Snake:3  | 30155 ||| INVOKING Heroism.
 30175 | Snake:3  | Reached XP level 18. HP: 92/114 MP: 25/25
 30412 | Snake:3  | 30412 ||| Stepping ~*~*~tactically~*~*~ (hiding).
 30449 | Snake:3  | 30449 ||| Stepping ~*~*~tactically~*~*~ (hiding).
 30793 | Snake:3  | Received a gift from Okawaru
 30844 | Snake:3  | 30844 ||| PLANNING SHOALS:4
 30844 | Snake:3  | 30844 ||| DROPPING +1 helmet.
 30845 | Snake:3  | 30845 ||| DROPPING amulet of guardian spirit.
 30997 | Shoals:4 | Entered Level 4 of the Shoals
 31000 | Shoals:4 | 31000 ||| STAIRDANCE
 31074 | Shoals:4 | 31074 ||| Stepping ~*~*~tactically~*~*~ (hiding).
 31078 | Shoals:4 | 31078 ||| INVOKING Heroism.
 31222 | Shoals:4 | 31222 ||| Stepping ~*~*~tactically~*~*~ (hiding).
 31224 | Shoals:4 | 31224 ||| INVOKING Heroism.
 31255 | Shoals:4 | 31255 ||| Stepping ~*~*~tactically~*~*~ (hiding).
 31271 | Shoals:4 | 31271 ||| INVOKING Heroism.
 31278 | Shoals:4 | 31278 ||| Stepping ~*~*~tactically~*~*~ (stealth).
 31294 | Shoals:4 | 31294 ||| Stepping ~*~*~tactically~*~*~ (stealth).
 31304 | Shoals:4 | Reached skill level 16 in Armour
 31422 | Shoals:4 | Got a barnacled rune of Zot
 31442 | Shoals:4 | Identified the +4 tower shield "Raumaves" {rN+ rCorr
                  | Slay+3}
 31442 | Shoals:4 | Noticed Louise
 31444 | Shoals:4 | Found Giggogeu's Antique Armour Shop.
 31460 | Abyss:3  | Found a corrupted altar of Lugonu.
 31460 | Abyss:3  | Cast into level 3 of the Abyss (Louise)
 31519 | Abyss:3  | Noticed a bone dragon
 31541 | Abyss:3  | Killed a bone dragon
 31599 | Abyss:3  | 31599 ||| INVOKING Heroism.
 31623 | Abyss:3  | Found a corrupted altar of Lugonu.
 31647 | Abyss:3  | 31647 ||| Stepping ~*~*~tactically~*~*~ (stealth).
 31658 | Abyss:3  | 31658 ||| Stepping ~*~*~tactically~*~*~ (hiding).
 31661 | Abyss:3  | 31661 ||| INVOKING Heroism.
 31693 | Abyss:3  | 31693 ||| INVOKING Heroism.
 31705 | Abyss:3  | 31705 ||| Stepping ~*~*~tactically~*~*~ (hiding).
 31709 | Abyss:3  | 31709 ||| INVOKING Heroism.
 31728 | Abyss:3  | 31728 ||| Stepping ~*~*~tactically~*~*~ (stealth).
 31739 | Abyss:3  | 31739 ||| Stepping ~*~*~tactically~*~*~ (stealth).
 31759 | Abyss:3  | 31759 ||| Stepping ~*~*~tactically~*~*~ (stealth).
 31766 | Abyss:3  | 31766 ||| Stepping ~*~*~tactically~*~*~ (stealth).
 31773 | Abyss:3  | 31773 ||| INVOKING Heroism.
 31775 | Abyss:3  | Found a corrupted altar of Lugonu.
 31821 | Shoals:4 | Escaped the Abyss
 31830 | Shoals:4 | Reached skill level 18 in Axes
 31842 | Shoals:4 | 31842 ||| INVOKING Heroism.
 31847 | Shoals:4 | Killed Louise
 31851 | Shoals:4 | 31851 ||| Stepping ~*~*~tactically~*~*~ (stealth).
 31853 | Shoals:4 | 31853 ||| FLEEEEING.
 31870 | Shoals:4 | HP: 28/114 [merfolk/+0 trident (2)]
 31871 | Shoals:4 | 31871 ||| READING 9 scrolls of teleportation.
 31872 | Shoals:4 | 31872 ||| DRINKING 2 potions of heal wounds.
 31961 | Shoals:4 | 31961 ||| INVOKING Heroism.
 32046 | Shoals:4 | 32046 ||| INVOKING Heroism.
 32072 | Shoals:4 | 32072 ||| INVOKING Heroism.
 32131 | Shoals:4 | 32131 ||| FLEEEEING.
 32136 | Shoals:4 | 32136 ||| FLEEEEING.
 32185 | Shoals:4 | 32185 ||| INVOKING Heroism.
 32233 | Shoals:4 | 32233 ||| INVOKING Heroism.
 32249 | Shoals:4 | 32249 ||| SHOPLISTING pair of polished boots (342 gold,
                  | have 117).
 32249 | Shoals:4 | 32249 ||| SHOPLISTING shiny helmet (270 gold, have 117).
 32283 | Shoals:4 | 32283 ||| INVOKING Heroism.
 32307 | Shoals:4 | 32307 ||| Stepping ~*~*~tactically~*~*~ (hiding).
 32344 | Shoals:4 | 32344 ||| INVOKING Heroism.
 32400 | Shoals:4 | 32400 ||| Stepping ~*~*~tactically~*~*~ (stealth).
 32422 | Shoals:4 | 32422 ||| Stepping ~*~*~tactically~*~*~ (stealth).
 32426 | Shoals:4 | 32426 ||| Stepping ~*~*~tactically~*~*~ (stealth).
 32427 | Shoals:4 | 32427 ||| Stepping ~*~*~tactically~*~*~ (stealth).
 32428 | Shoals:4 | 32428 ||| INVOKING Heroism.
 33208 | Shoals:4 | 33208 ||| PLANNING VAULTS:1-4
 33208 | Shoals:4 | 33208 ||| UPGRADING to +4 tower shield "Raumaves" {rN+
                  | rCorr Slay+3}.
 33218 | Shoals:4 | 33218 ||| DROPPING +2 tower shield of positive energy.
 33219 | Shoals:4 | 33219 ||| DROPPING +0 cloak.
 33528 | Vaults:1 | Entered Level 1 of the Vaults
 33530 | Vaults:1 | 33530 ||| FLEEEEING.
 33531 | Vaults:1 | 33531 ||| STAIRDANCE
 33544 | D:13     | 33544 ||| FLEEEEING.
 33545 | D:13     | 33545 ||| STAIRDANCE
 33661 | D:13     | Reached skill level 18 in Shields
 33707 | Vaults:1 | 33707 ||| STAIRDANCE
 33811 | Vaults:1 | 33811 ||| Stepping ~*~*~tactically~*~*~ (hiding).
 33942 | Vaults:1 | 33942 ||| INVOKING Heroism.
 33978 | Vaults:1 | Received a gift from Okawaru
 34027 | Vaults:1 | Reached XP level 19. HP: 102/121 MP: 26/26
 34201 | Vaults:1 | Noticed Saint Roka
 34202 | Vaults:1 | 34202 ||| INVOKING Heroism.
 34203 | Vaults:1 | 34203 ||| INVOKING Finesse.
 34240 | Vaults:1 | Killed Saint Roka
 34369 | Vaults:1 | 34369 ||| Stepping ~*~*~tactically~*~*~ (stealth).
 34405 | Vaults:1 | Paralysed by a great orb of eyes for 3 turns
 34411 | Vaults:1 | Reached skill level 17 in Armour
 34414 | Vaults:1 | 34414 ||| FLEEEEING.
 34424 | Vaults:1 | 34424 ||| Stepping ~*~*~tactically~*~*~ (stealth).
 34547 | Vaults:1 | 34547 ||| Stepping ~*~*~tactically~*~*~ (stealth).
 34551 | Vaults:1 | 34551 ||| Stepping ~*~*~tactically~*~*~ (stealth).
 34563 | Vaults:1 | Received a gift from Okawaru
 34721 | Vaults:1 | Received a gift from Okawaru
 35011 | Vaults:1 | 35011 ||| SWAPPING to +1 vampiric broad axe.
 35094 | Vaults:1 | Reached skill level 15 in Fighting
 35805 | Vaults:2 | 35805 ||| Stepping ~*~*~tactically~*~*~ (stealth).
 35807 | Vaults:2 | 35807 ||| Stepping ~*~*~tactically~*~*~ (stealth).
 35897 | Vaults:2 | 35897 ||| FLEEEEING.
 35898 | Vaults:2 | 35898 ||| FLEEEEING.
 35899 | Vaults:2 | 35899 ||| FLEEEEING.
 35900 | Vaults:2 | 35900 ||| FLEEEEING.
 35901 | Vaults:2 | 35901 ||| FLEEEEING.
 35902 | Vaults:2 | 35902 ||| FLEEEEING.
 35903 | Vaults:2 | 35903 ||| FLEEEEING.
 35904 | Vaults:2 | 35904 ||| FLEEEEING.
 35905 | Vaults:2 | 35905 ||| FLEEEEING.
 35906 | Vaults:2 | 35906 ||| FLEEEEING.
 35911 | Vaults:2 | 35911 ||| STAIRDANCE
 36030 | Vaults:2 | 36030 ||| STAIRDANCE
 36131 | Vaults:2 | Received a gift from Okawaru
 36145 | Vaults:2 | Reached skill level 18 in Armour
 36161 | Vaults:2 | 36161 ||| INVOKING Heroism.
 36162 | Vaults:2 | 36162 ||| INVOKING Finesse.
 36364 | Vaults:2 | 36364 ||| FLEEEEING.
 36375 | Vaults:2 | Paralysed by a sphinx for 5 turns
 36383 | Vaults:2 | 36383 ||| DRINKING 22 potions of curing.
 36383 | Vaults:2 | 36383 ||| (to cure confusion)
 36384 | Vaults:2 | Paralysed by a sphinx for 4 turns
 36404 | Vaults:2 | 36404 ||| INVOKING Heroism.
 36863 | Vaults:2 | 36863 ||| Stepping ~*~*~tactically~*~*~ (stealth).
 37148 | Vaults:2 | 37148 ||| Stepping ~*~*~tactically~*~*~ (hiding).
 37149 | Vaults:2 | 37149 ||| Stepping ~*~*~tactically~*~*~ (hiding).
 37152 | Vaults:2 | 37152 ||| Stepping ~*~*~tactically~*~*~ (hiding).
 37174 | Vaults:2 | Identified the +1 cloak "Diel Sao" {Harm +Inv} (Okawaru
                  | gifted it to you on level 2 of the Vaults)
 37174 | Vaults:2 | Received a gift from Okawaru
 37263 | Vaults:2 | 37263 ||| Stepping ~*~*~tactically~*~*~ (hiding).
 37314 | Vaults:2 | Reached XP level 20. HP: 131/131 MP: 27/27
 37471 | Vaults:2 | 37471 ||| DROPPING +1 cloak "Diel Sao" {Harm +Inv}.
 37472 | Vaults:2 | 37472 ||| DROPPING amulet of the acrobat.
 37534 | Vaults:3 | 37534 ||| Stepping ~*~*~tactically~*~*~ (hiding).
 37583 | Vaults:3 | Noticed Boris
 37584 | Vaults:3 | 37584 ||| INVOKING Heroism.
 37585 | Vaults:3 | 37585 ||| INVOKING Finesse.
 37603 | Vaults:3 | Killed Boris
 37631 | Vaults:3 | Found Xaem's Jewellery Shop.
 37647 | Vaults:3 | 37647 ||| SHOPLISTING ring of Zirhen {rCorr Str+3 Dex+4
                  | Stlth+} (667 gold, have 628).
 37647 | Vaults:3 | 37647 ||| BUYING ring of fire (375 gold).
 37647 | Vaults:3 | Bought a ring of fire for 375 gold pieces
 37659 | Vaults:3 | 37659 ||| Stepping ~*~*~tactically~*~*~ (stealth).
 37660 | Vaults:3 | 37660 ||| Stepping ~*~*~tactically~*~*~ (stealth).
 37661 | Vaults:3 | 37661 ||| Stepping ~*~*~tactically~*~*~ (stealth).
 37663 | Vaults:3 | 37663 ||| Stepping ~*~*~tactically~*~*~ (hiding).
 37664 | Vaults:3 | 37664 ||| Stepping ~*~*~tactically~*~*~ (hiding).
 37665 | Vaults:3 | 37665 ||| Stepping ~*~*~tactically~*~*~ (hiding).
 37714 | Vaults:3 | You are sucked into a shaft and drop 1 floor!
 37741 | Vaults:3 | 37741 ||| Stepping ~*~*~tactically~*~*~ (hiding).
 37742 | Vaults:3 | 37742 ||| Stepping ~*~*~tactically~*~*~ (hiding).
 37744 | Vaults:3 | 37744 ||| Stepping ~*~*~tactically~*~*~ (hiding).
 37746 | Vaults:3 | 37746 ||| INVOKING Heroism.
 37748 | Vaults:3 | 37748 ||| INVOKING Finesse.
 37770 | Vaults:3 | Identified the +5 mace of Friendship {heavy, rPois rF-
                  | rN+++ Str-5}
 37812 | Vaults:3 | Reached skill level 19 in Armour
 37940 | Vaults:3 | Identified the +2 leather armour "Juosilim" {Rampage Int+2
                  | Dex-2}
 37941 | Vaults:3 | Identified the +5 spear of Zufonigao {heavy, +Blink}
 38003 | Vaults:3 | Noticed Asterion
 38004 | Vaults:3 | 38004 ||| FLEEEEING.
 38005 | Vaults:3 | 38005 ||| FLEEEEING.
 38006 | Vaults:3 | 38006 ||| INVOKING Heroism.
 38007 | Vaults:3 | 38007 ||| INVOKING Finesse.
 38018 | Vaults:3 | Killed Asterion
 38066 | Vaults:3 | 38066 ||| Stepping ~*~*~tactically~*~*~ (hiding).
 38067 | Vaults:3 | 38067 ||| Stepping ~*~*~tactically~*~*~ (hiding).
 38092 | Vaults:3 | 38092 ||| Stepping ~*~*~tactically~*~*~ (hiding).
 38105 | Vaults:3 | Received a gift from Okawaru
 38299 | Vaults:3 | 38299 ||| Stepping ~*~*~tactically~*~*~ (stealth).
 38672 | Vaults:3 | Received a gift from Okawaru
 38695 | Vaults:3 | Received a gift from Okawaru
 38754 | Vaults:3 | Found a staircase to the Crypt.
 38754 | Vaults:3 | Found a basalt altar of Yredelemnul.
 38754 | Vaults:3 | Found an ancient bone altar of Kikubaaqudgha.
 38800 | Vaults:3 | 38800 ||| Stepping ~*~*~tactically~*~*~ (hiding).
 39247 | Vaults:4 | 39247 ||| Stepping ~*~*~tactically~*~*~ (hiding).
 39280 | Vaults:4 | Received a gift from Okawaru
 39300 | Vaults:4 | Reached skill level 9 in Throwing
 39301 | Vaults:4 | Received a gift from Okawaru
 39418 | Vaults:4 | 39418 ||| Stepping ~*~*~tactically~*~*~ (stealth).
 39437 | Vaults:4 | Received a gift from Okawaru
 39460 | Vaults:4 | Found Ephuliyl's Armour Boutique.
 39489 | Vaults:4 | 39489 ||| Stepping ~*~*~tactically~*~*~ (hiding).
 39490 | Vaults:4 | 39490 ||| Stepping ~*~*~tactically~*~*~ (hiding).
 39600 | Vaults:4 | Paralysed by a sphinx for 2 turns
 39612 | Vaults:4 | Reached skill level 20 in Armour
 39632 | Vaults:4 | 39632 ||| FLEEEEING.
 39633 | Vaults:4 | 39633 ||| FLEEEEING.
 39634 | Vaults:4 | 39634 ||| FLEEEEING.
 39635 | Vaults:4 | 39635 ||| FLEEEEING.
 39636 | Vaults:4 | 39636 ||| FLEEEEING.
 39637 | Vaults:4 | 39637 ||| FLEEEEING.
 39638 | Vaults:4 | 39638 ||| FLEEEEING.
 39639 | Vaults:4 | 39639 ||| FLEEEEING.
 39640 | Vaults:4 | 39640 ||| FLEEEEING.
 39643 | Vaults:4 | 39643 ||| Stepping ~*~*~tactically~*~*~ (hiding).
 39648 | Vaults:4 | 39648 ||| Stepping ~*~*~tactically~*~*~ (hiding).
 39744 | Vaults:4 | 39744 ||| Stepping ~*~*~tactically~*~*~ (stealth).
 39745 | Vaults:4 | 39745 ||| Stepping ~*~*~tactically~*~*~ (stealth).
 39764 | Vaults:4 | Reached XP level 21. HP: 139/139 MP: 28/28
 39848 | Vaults:4 | Paralysed by a sphinx for 2 turns
 39856 | Vaults:4 | 39856 ||| FLEEEEING.
 39857 | Vaults:4 | 39857 ||| FLEEEEING.
 39858 | Vaults:4 | 39858 ||| FLEEEEING.
 39859 | Vaults:4 | 39859 ||| FLEEEEING.
 39860 | Vaults:4 | 39860 ||| FLEEEEING.
 39861 | Vaults:4 | 39861 ||| FLEEEEING.
 39862 | Vaults:4 | 39862 ||| FLEEEEING.
 39863 | Vaults:4 | 39863 ||| FLEEEEING.
 39864 | Vaults:4 | 39864 ||| FLEEEEING.
 39865 | Vaults:4 | 39865 ||| FLEEEEING.
 39866 | Vaults:4 | 39866 ||| FLEEEEING.
 39867 | Vaults:4 | 39867 ||| FLEEEEING.
 39868 | Vaults:4 | 39868 ||| FLEEEEING.
 39869 | Vaults:4 | 39869 ||| FLEEEEING.
 39870 | Vaults:4 | 39870 ||| FLEEEEING.
 39875 | Vaults:4 | 39875 ||| Stepping ~*~*~tactically~*~*~ (hiding).
 39913 | Vaults:4 | 39913 ||| Stepping ~*~*~tactically~*~*~ (hiding).
 39914 | Vaults:4 | 39914 ||| Stepping ~*~*~tactically~*~*~ (hiding).
 39915 | Vaults:4 | 39915 ||| Stepping ~*~*~tactically~*~*~ (hiding).
 39931 | Vaults:4 | 39931 ||| Stepping ~*~*~tactically~*~*~ (hiding).
 39932 | Vaults:4 | 39932 ||| Stepping ~*~*~tactically~*~*~ (hiding).
 39933 | Vaults:4 | 39933 ||| Stepping ~*~*~tactically~*~*~ (hiding).
 39934 | Vaults:4 | 39934 ||| Stepping ~*~*~tactically~*~*~ (hiding).
 39935 | Vaults:4 | 39935 ||| Stepping ~*~*~tactically~*~*~ (hiding).
 40113 | Vaults:4 | 40113 ||| Stepping ~*~*~tactically~*~*~ (hiding).
 40150 | Vaults:4 | Found Wiqe's Antique Weapon Shop.
 40168 | Vaults:4 | 40168 ||| Stepping ~*~*~tactically~*~*~ (hiding).
 40174 | Vaults:4 | Identified the +1 war axe "Nacyzerch" {pain, rCorr}
                  | (Okawaru gifted it to you on level 4 of the Vaults)
 40174 | Vaults:4 | Received a gift from Okawaru
 40414 | Vaults:4 | 40414 ||| Stepping ~*~*~tactically~*~*~ (stealth).
 40417 | Vaults:4 | 40417 ||| Stepping ~*~*~tactically~*~*~ (stealth).
 40775 | Vaults:4 | 40775 ||| PLANNING SNAKE:4
 41162 | Snake:4  | Entered Level 4 of the Snake Pit
 41164 | Snake:4  | 41164 ||| Stepping ~*~*~tactically~*~*~ (stealth).
 41169 | Snake:4  | 41169 ||| Stepping ~*~*~tactically~*~*~ (hiding).
 41197 | Snake:4  | 41197 ||| Stepping ~*~*~tactically~*~*~ (stealth).
 41226 | Snake:4  | 41226 ||| Stepping ~*~*~tactically~*~*~ (hiding).
 41380 | Snake:4  | 41380 ||| Stepping ~*~*~tactically~*~*~ (hiding).
 41383 | Snake:4  | 41383 ||| Stepping ~*~*~tactically~*~*~ (hiding).
 41420 | Snake:4  | 41420 ||| Stepping ~*~*~tactically~*~*~ (stealth).
 41427 | Snake:4  | 41427 ||| Stepping ~*~*~tactically~*~*~ (hiding).
 41428 | Snake:4  | 41428 ||| Stepping ~*~*~tactically~*~*~ (hiding).
 41491 | Snake:4  | 41491 ||| Stepping ~*~*~tactically~*~*~ (stealth).
 41492 | Snake:4  | 41492 ||| Stepping ~*~*~tactically~*~*~ (stealth).
 41493 | Snake:4  | 41493 ||| Stepping ~*~*~tactically~*~*~ (stealth).
 41498 | Snake:4  | 41498 ||| Stepping ~*~*~tactically~*~*~ (hiding).
 41536 | Snake:4  | Identified the +6 tower shield of Spite {rC+ Dex+2}
                  | (Okawaru gifted it to you on level 4 of the Snake Pit)
 41536 | Snake:4  | Received a gift from Okawaru
 41576 | Snake:4  | Reached skill level 18 in Fighting
 41592 | Snake:4  | 41592 ||| Stepping ~*~*~tactically~*~*~ (stealth).
 41636 | Snake:4  | 41636 ||| Stepping ~*~*~tactically~*~*~ (stealth).
 41638 | Snake:4  | 41638 ||| Stepping ~*~*~tactically~*~*~ (hiding).
 41641 | Snake:4  | 41641 ||| Stepping ~*~*~tactically~*~*~ (hiding).
 41643 | Snake:4  | 41643 ||| Stepping ~*~*~tactically~*~*~ (hiding).
 41674 | Snake:4  | 41674 ||| Stepping ~*~*~tactically~*~*~ (stealth).
 41712 | Snake:4  | 41712 ||| Stepping ~*~*~tactically~*~*~ (hiding).
 41713 | Snake:4  | 41713 ||| Stepping ~*~*~tactically~*~*~ (hiding).
 41726 | Snake:4  | Noticed Aizul
 41727 | Snake:4  | 41727 ||| Stepping ~*~*~tactically~*~*~ (hiding).
 41753 | Snake:4  | Killed Aizul
 41782 | Snake:4  | 41782 ||| INVOKING Heroism.
 41834 | Snake:4  | 41834 ||| Stepping ~*~*~tactically~*~*~ (hiding).
 41916 | Snake:4  | Got a serpentine rune of Zot
 41920 | Snake:4  | 41920 ||| Stepping ~*~*~tactically~*~*~ (hiding).
 41921 | Snake:4  | 41921 ||| Stepping ~*~*~tactically~*~*~ (hiding).
 41922 | Snake:4  | 41922 ||| Stepping ~*~*~tactically~*~*~ (hiding).
 41928 | Snake:4  | 41928 ||| Stepping ~*~*~tactically~*~*~ (hiding).
 42069 | Snake:4  | 42069 ||| Stepping ~*~*~tactically~*~*~ (hiding).
 42072 | Snake:4  | 42072 ||| Stepping ~*~*~tactically~*~*~ (hiding).
 42074 | Snake:4  | 42074 ||| Stepping ~*~*~tactically~*~*~ (hiding).
 42075 | Snake:4  | 42075 ||| Stepping ~*~*~tactically~*~*~ (hiding).
 42320 | Snake:4  | 42320 ||| PLANNING DEPTHS
 42320 | Snake:4  | 42320 ||| DROPPING ring of wizardry.
 42691 | Depths:1 | Entered Level 1 of the Depths
 42726 | Depths:1 | 42726 ||| Stepping ~*~*~tactically~*~*~ (stealth).
 42729 | Depths:1 | 42729 ||| Stepping ~*~*~tactically~*~*~ (stealth).
 42731 | Depths:1 | 42731 ||| Stepping ~*~*~tactically~*~*~ (stealth).
 42734 | Depths:1 | 42734 ||| INVOKING Heroism.
 42735 | Depths:1 | 42735 ||| INVOKING Finesse.
 42787 | Depths:1 | Reached skill level 21 in Armour
 42853 | Depths:1 | Found a transporter.
 42887 | Depths:1 | Found a transporter.
 42889 | Depths:1 | Found a transporter.
 42894 | Depths:1 | 42894 ||| Stepping ~*~*~tactically~*~*~ (stealth).
 42896 | Depths:1 | 42896 ||| Stepping ~*~*~tactically~*~*~ (hiding).
 42959 | Depths:1 | Received a gift from Okawaru
 42968 | Depths:1 | Found a transporter.
 42972 | Depths:1 | Found a gateway to Hell.
 43007 | Depths:1 | Found a transporter.
 43019 | Depths:1 | Found a transporter.
 43079 | Depths:1 | 43079 ||| Stepping ~*~*~tactically~*~*~ (hiding).
 43381 | Depths:2 | 43381 ||| INVOKING Heroism.
 43391 | Depths:2 | Reached XP level 22. HP: 145/148 MP: 27/29
 43407 | Depths:2 | 43407 ||| Stepping ~*~*~tactically~*~*~ (hiding).
 43409 | Depths:2 | 43409 ||| Stepping ~*~*~tactically~*~*~ (hiding).
 43477 | Depths:2 | 43477 ||| Stepping ~*~*~tactically~*~*~ (hiding).
 43479 | Depths:2 | 43479 ||| Stepping ~*~*~tactically~*~*~ (hiding).
 43589 | Depths:2 | 43589 ||| Stepping ~*~*~tactically~*~*~ (hiding).
 43702 | Depths:2 | 43702 ||| Stepping ~*~*~tactically~*~*~ (hiding).
 43703 | Depths:2 | 43703 ||| Stepping ~*~*~tactically~*~*~ (hiding).
 43704 | Depths:2 | 43704 ||| Stepping ~*~*~tactically~*~*~ (hiding).
 43706 | Depths:2 | 43706 ||| INVOKING Heroism.
 43737 | Depths:2 | 43737 ||| INVOKING Finesse.
 43788 | Depths:2 | 43788 ||| INVOKING Heroism.
 43791 | Depths:2 | 43791 ||| INVOKING Finesse.
 43800 | Depths:2 | Received a gift from Okawaru
 43841 | Depths:2 | Found a one-way gateway to a ziggurat.
 43901 | Depths:2 | 43901 ||| Stepping ~*~*~tactically~*~*~ (hiding).
 43905 | Depths:2 | 43905 ||| INVOKING Heroism.
 43906 | Depths:2 | 43906 ||| INVOKING Finesse.
 44062 | Depths:2 | 44062 ||| INVOKING Finesse.
 44063 | Depths:2 | Found the +6 lightning scales {swift, rElec}
 44092 | Depths:2 | Identified the +12 plate armour of the Purple Skies {rF++
                  | rCorr Dex-3 SInv} (Okawaru gifted it to you on level 2 of
                  | the Depths)
 44092 | Depths:2 | Received a gift from Okawaru
 44099 | Depths:2 | 44099 ||| DRINKING 23 potions of curing.
 44099 | Depths:2 | 44099 ||| (to cure confusion)
 44279 | Depths:2 | Found a one-way gate leading to the halls of Pandemonium.
 44284 | Depths:2 | 44284 ||| INVOKING Heroism.
 44285 | Depths:2 | 44285 ||| INVOKING Finesse.
 44425 | Depths:3 | 44425 ||| PLANNING WIZLAB
 44426 | Depths:3 | 44426 ||| Stepping ~*~*~tactically~*~*~ (hiding).
 44427 | Depths:3 | 44427 ||| Stepping ~*~*~tactically~*~*~ (hiding).
 44429 | Depths:3 | 44429 ||| Stepping ~*~*~tactically~*~*~ (hiding).
 44448 | Depths:3 | 44448 ||| Stepping ~*~*~tactically~*~*~ (stealth).
 44449 | Depths:3 | 44449 ||| Stepping ~*~*~tactically~*~*~ (stealth).
 44450 | Depths:3 | 44450 ||| Stepping ~*~*~tactically~*~*~ (hiding).
 44455 | Depths:3 | 44455 ||| INVOKING Heroism.
 44471 | Depths:3 | Reached skill level 22 in Armour
 44471 | Depths:3 | 44471 ||| INVOKING Finesse.
 44526 | Depths:3 | You are sucked into a shaft and drop 1 floor!
 44526 | Depths:4 | Entered Level 4 of the Depths
 44533 | Depths:4 | 44533 ||| Stepping ~*~*~tactically~*~*~ (hiding).
 44584 | Depths:3 | Identified the +8 quarterstaff "Death Rattle" {drain, *Rage
                  | rElec Str+2 Stlth+}
 44585 | Depths:3 | 44585 ||| Stepping randomly (stuck).
 44586 | Depths:3 | 44586 ||| Stepping randomly (stuck).
 44587 | Depths:3 | 44587 ||| Stepping randomly (stuck).
 44588 | Depths:3 | 44588 ||| Stepping randomly (stuck).
 44589 | Depths:3 | 44589 ||| Stepping randomly (stuck).
 44590 | Depths:3 | 44590 ||| Stepping randomly (stuck).
 44591 | Depths:3 | 44591 ||| Stepping randomly (stuck).
 44592 | Depths:3 | 44592 ||| Stepping randomly (stuck).
 44593 | Depths:3 | 44593 ||| Stepping randomly (stuck).
 44594 | Depths:3 | 44594 ||| Stepping randomly (stuck).
 44595 | Depths:3 | 44595 ||| Stepping randomly (stuck).
 44596 | Depths:3 | 44596 ||| Stepping randomly (stuck).
 44597 | Depths:3 | 44597 ||| Stepping randomly (stuck).
 44598 | Depths:3 | 44598 ||| Stepping randomly (stuck).
 44599 | Depths:3 | 44599 ||| Stepping randomly (stuck).
 44600 | Depths:3 | 44600 ||| Stepping randomly (stuck).
 44601 | Depths:3 | 44601 ||| Stepping randomly (stuck).
 44602 | Depths:3 | 44602 ||| Stepping randomly (stuck).
 44603 | Depths:3 | 44603 ||| Stepping randomly (stuck).
 44604 | Depths:3 | 44604 ||| Stepping randomly (stuck).
 44605 | Depths:3 | 44605 ||| Stepping randomly (stuck).
 44606 | Depths:3 | 44606 ||| Stepping randomly (stuck).
 44607 | Depths:3 | 44607 ||| Stepping randomly (stuck).
 44608 | Depths:3 | 44608 ||| Stepping randomly (stuck).
 44609 | Depths:3 | 44609 ||| Stepping randomly (stuck).
 44610 | Depths:3 | 44610 ||| Stepping randomly (stuck).
 44611 | Depths:3 | 44611 ||| Stepping randomly (stuck).
 44612 | Depths:3 | 44612 ||| Stepping randomly (stuck).
 44613 | Depths:3 | 44613 ||| Stepping randomly (stuck).
 44614 | Depths:3 | 44614 ||| Stepping randomly (stuck).
 44615 | Depths:3 | 44615 ||| Stepping randomly (stuck).
 44616 | Depths:3 | 44616 ||| Stepping randomly (stuck).
 44617 | Depths:3 | 44617 ||| Stepping randomly (stuck).
 44618 | Depths:3 | 44618 ||| Stepping randomly (stuck).
 44619 | Depths:3 | 44619 ||| Stepping randomly (stuck).
 44620 | Depths:3 | 44620 ||| Stepping randomly (stuck).
 44621 | Depths:3 | 44621 ||| Stepping randomly (stuck).
 44622 | Depths:3 | 44622 ||| Stepping randomly (stuck).
 44623 | Depths:3 | 44623 ||| Stepping randomly (stuck).
 44624 | Depths:3 | 44624 ||| Stepping randomly (stuck).
 44625 | Depths:3 | 44625 ||| Stepping randomly (stuck).
 44626 | Depths:3 | 44626 ||| Stepping randomly (stuck).
 44627 | Depths:3 | 44627 ||| Stepping randomly (stuck).
 44628 | Depths:3 | 44628 ||| Stepping randomly (stuck).
 44629 | Depths:3 | 44629 ||| Stepping randomly (stuck).
 44630 | Depths:3 | 44630 ||| Stepping randomly (stuck).
 44631 | Depths:3 | 44631 ||| Stepping randomly (stuck).
 44632 | Depths:3 | 44632 ||| Stepping randomly (stuck).
 44633 | Depths:3 | 44633 ||| Stepping randomly (stuck).
 44634 | Depths:3 | 44634 ||| Stepping randomly (stuck).
 44635 | Depths:3 | 44635 ||| Stepping randomly (stuck).
 44636 | Depths:3 | 44636 ||| READING 12 scrolls of teleportation.
 44641 | Depths:3 | 44641 ||| DRINKING 23 potions of curing.
 44641 | Depths:3 | 44641 ||| (to cure confusion)
 44643 | Depths:3 | Paralysed by a sphinx for 5 turns
 44653 | Depths:3 | 44653 ||| DRINKING 22 potions of curing.
 44653 | Depths:3 | 44653 ||| (to cure confusion)
 44717 | Depths:3 | 44717 ||| INVOKING Finesse.
 44743 | Depths:3 | 44743 ||| Stepping ~*~*~tactically~*~*~ (hiding).
 44802 | Depths:3 | 44802 ||| Stepping ~*~*~tactically~*~*~ (hiding).
 44803 | Depths:3 | 44803 ||| Stepping ~*~*~tactically~*~*~ (hiding).
 44844 | Depths:3 | 44844 ||| INVOKING Heroism.
 44855 | Depths:3 | 44855 ||| INVOKING Finesse.
 44992 | Depths:3 | 44992 ||| INVOKING Heroism.
 45081 | Depths:3 | 45081 ||| Stepping ~*~*~tactically~*~*~ (hiding).
 45082 | Depths:3 | 45082 ||| Stepping ~*~*~tactically~*~*~ (hiding).
 45140 | Depths:3 | Found a one-way gate to the infinite horrors of the Abyss.
 45141 | Depths:3 | Found a corrupted altar of Lugonu.
 45145 | Depths:3 | 45145 ||| DRINKING 21 potions of curing.
 45145 | Depths:3 | 45145 ||| (to cure confusion)
 45150 | Depths:3 | 45150 ||| DRINKING 20 potions of curing.
 45150 | Depths:3 | 45150 ||| (to cure confusion)
 45157 | Depths:3 | Noticed Boris
 45158 | Depths:3 | 45158 ||| Stepping ~*~*~tactically~*~*~ (hiding).
 45159 | Depths:3 | 45159 ||| INVOKING Heroism.
 45196 | Depths:3 | Killed Boris
 45237 | Depths:3 | 45237 ||| RIP WIZLAB
 45253 | Depths:3 | 45253 ||| PLANNING DEPTHS
 45600 | Depths:3 | 45600 ||| Stepping ~*~*~tactically~*~*~ (stealth).
 45662 | Depths:3 | 45662 ||| FLEEEEING.
 45664 | Depths:3 | 45664 ||| Stepping ~*~*~tactically~*~*~ (hiding).
 45666 | Depths:3 | 45666 ||| Stepping ~*~*~tactically~*~*~ (hiding).
 45746 | Depths:3 | 45746 ||| INVOKING Finesse.
 45799 | Depths:3 | 45799 ||| Stepping ~*~*~tactically~*~*~ (hiding).
 45832 | Depths:3 | Received a gift from Okawaru
 46117 | Depths:4 | 46117 ||| INVOKING Heroism.
 46118 | Depths:4 | 46118 ||| INVOKING Finesse.
 46156 | Depths:4 | Received a gift from Okawaru
 46177 | Depths:4 | 46177 ||| Stepping ~*~*~tactically~*~*~ (stealth).
 46179 | Depths:4 | 46179 ||| Stepping ~*~*~tactically~*~*~ (hiding).
 46180 | Depths:4 | 46180 ||| Stepping ~*~*~tactically~*~*~ (hiding).
 46181 | Depths:4 | 46181 ||| Stepping ~*~*~tactically~*~*~ (hiding).
 46214 | Depths:4 | 46214 ||| INVOKING Heroism.
 46238 | Depths:4 | Received a gift from Okawaru
 46253 | Depths:4 | Reached XP level 23. HP: 156/156 MP: 30/30
 46267 | Depths:4 | Found a gate to the Realm of Zot.
 46271 | Depths:4 | 46271 ||| INVOKING Heroism.
 46298 | Depths:4 | 46298 ||| Stepping ~*~*~tactically~*~*~ (hiding).
 46316 | Depths:4 | Reached skill level 21 in Shields
 46400 | Depths:4 | 46400 ||| FLEEEEING.
 46401 | Depths:4 | 46401 ||| FLEEEEING.
 46402 | Depths:4 | 46402 ||| FLEEEEING.
 46403 | Depths:4 | 46403 ||| FLEEEEING.
 46404 | Depths:4 | 46404 ||| FLEEEEING.
 46405 | Depths:4 | 46405 ||| FLEEEEING.
 46408 | Depths:4 | 46408 ||| INVOKING Heroism.
 46411 | Depths:4 | 46411 ||| Stepping ~*~*~tactically~*~*~ (stealth).
 46487 | Depths:4 | Identified the ring of Beurre Cops {*Slow rElec rF+ EV+5
                  | Dex+5}
 46576 | Depths:4 | 46576 ||| INVOKING Heroism.
 46597 | Depths:4 | 46597 ||| Stepping ~*~*~tactically~*~*~ (hiding).
 46732 | Depths:4 | 46732 ||| INVOKING Heroism.
 46901 | Depths:4 | Found a shimmering blue altar of Sif Muna.
 46965 | Depths:4 | Found Hiass's Weapon Shop.
 47153 | Depths:4 | 47153 ||| PLANNING VAULTS:5
 47153 | Depths:4 | 47153 ||| DROPPING ring of fire.
 47154 | Depths:4 | 47154 ||| UPGRADING to ring of Beurre Cops {*Slow rElec rF+
                  | EV+5 Dex+5}.
 47156 | Depths:4 | 47156 ||| UPGRADING to +2 cloak of poison resistance.
 47166 | Depths:4 | 47166 ||| UPGRADING to +5 ring of evasion.
 47168 | Depths:4 | 47168 ||| DROPPING +4 ring of protection.
 47362 | Vaults:5 | Entered Level 5 of the Vaults
 47363 | Vaults:5 | 47363 ||| INVOKING Heroism.
 47390 | Vaults:5 | Reached skill level 6 in Dodging
 47399 | Vaults:5 | Received a gift from Okawaru
 47406 | Vaults:5 | 47406 ||| DRINKING 9 potions of resistance.
 47410 | Vaults:5 | 47410 ||| INVOKING Heroism.
 47427 | Vaults:5 | Received a gift from Okawaru
 47450 | Vaults:5 | 47450 ||| STAIRDANCE
 47452 | Vaults:4 | 47452 ||| INVOKING Heroism.
 47461 | Vaults:4 | Reached skill level 21 in Fighting
 47466 | Vaults:5 | Identified the +5 battleaxe "Piegow" {speed, rC+ rN+
                  | Stlth+}
 47476 | Vaults:5 | Paralysed by a sphinx for 5 turns
 47484 | Vaults:5 | Received a gift from Okawaru
 47484 | Vaults:5 | Paralysed by a sphinx for 3 turns
 47485 | Vaults:5 | HP: 38/160 [deep elf high priest/divine providence (11)]
 47486 | Vaults:5 | HP: 12/160 [hell knight/+2 halberd of flaming (14)]
 47486 | Vaults:5 | HP: 1/160 [hell knight/+2 halberd of flaming (9)]
 47486 | Vaults:5 | Slain by a hell knight

Levels and vault maps discovered:
D:1:      giann_wishing_wells, layout_basic
D:2:      minmay_thinvault, layout_basic, uniq_natasha, uniq_terence, uniq_robin
D:3:      minmay_goblin_kobold_castle, layout_loops_corners,
          mainiacjoe_overflow_catch_the_wave, mainiacjoe_overflow_paths,
          hellmonk_ecumenical_altar_run_dry, minmay_misc_feat_x,
          mrwooster_statue_mirror, kennysheep_generic_room_2
D:4:      layout_gridville, zin_purify, temple_hall_moat, gammafunk_ghost_smash,
          kennysheep_generic_room_15
D:5:      layout_rooms, lightli_ossuary_entry_decrepit_ruins,
          uniq_crazy_yiuf_cottage, uniq_ijyb, uniq_eustachio
D:6:      layout_basic, slow_altar_2, item_on_display_a
D:7:      layout_layer_cave, corexii_checkpoint_a
D:8:      layout_cave_pools, mainiacjoe_overflow_small_starburst,
          mainiacjoe_overflow_alcove_1, nicolae_ea-nasir_strikes_again,
          uniq_maggie
D:9:      layout_stronghold, nicolae_overflow_hidden_temple,
          grunt_lair_entry_orc_guard_hut
D:10:     layout_irregular_city, nicolae_ashenzari_panopticon,
          lightli_elemental_guards
D:11:     layout_long_grid, uniq_grum, uniq_amaemon
D:12:     layout_roguey, hiddenorc1_lemuel
D:13:     layout_basic, david_vaults_3, portal_ice_cave_entry_pillars_1,
          minivault_25, uniq_erolcha
D:14:     minmay_clustersquares, layout_basic, grunt_decor_resistance,
          nicolae_shop_sticking_my_neck_out, uniq_frances
D:15:     grunt_enter_depths_magical_seal, layout_basic, enter_trove_0,
          reono_crystal_passage
Temple:   nicolae_temple_figure_eight
Lair:1:   wander_river, layout_chaotic_city, grunt_megastairs_1
Lair:2:   layout_hall_layers, nicolae_shoals_entry_roost,
          minmay_snake_entry_guardpost_small, nicolae_quartered_pool_little,
          uniq_gastronok
Lair:3:   layout_cellular_growth
Lair:4:   layout_loops_ring, serial_bayou_shore_a
Lair:5:   wormcave, layout_regular_city, hangedman_lair_tendril_chambers,
          nicolae_slime_entry_field_trip, nicolae_lair_grazing_beasts
          [nicolae_sub_lair_graze_edge, nicolae_sub_lair_graze_edge,
          nicolae_sub_lair_graze_edge, nicolae_sub_lair_graze_edge]
Shoals:1: layout_shoals, nicolae_take_the_stairs, nicolae_shop_gadgets
Shoals:2: layout_shoals, uniq_polyphemus
Shoals:3: layout_shoals, ldierk_geyser, uniq_ilsuiw, uniq_kirke
Shoals:4: shoals_end_grunt_ice, layout_shoals, serial_shops, shop, uniq_louise
Snake:1:  layout_onion_interference, basic_altar, nicolae_large_snake_swirl,
          uniq_donald
Snake:2:  layout_honeycomb, minmay_shoptagon, grunt_megastairs_2,
          lemuel_fruit_tree, uniq_vashnia
Snake:3:  layout_cave_town, nicolae_elevator_lobby_asterisk, grunt_megastairs_4
Snake:4:  snake_pit, layout_onion, drop_trap, grunt_megastairs_5, uniq_aizul
Orc:1:    layout_diamond_mine, serial_shops, nicolae_shop_tiny_waterfront,
          nicolae_shop_hallway_plus, nicolae_diamond_shop,
          nicolae_shop_advertising_works [nicolae_subvault_shop_adworks]
Orc:2:    st_orc_town, layout_caves, serial_shops, nicolae_shop_trees
Vaults:1: nicolae_vaults_ring_of_whatevers, nicolae_vaults_angled_halls,
          nicolae_vaults_shelves_hall, vaults_dpeg_hooks,
          nicolae_vaults_network_periphery, nicolae_vaults_tangram_2,
          nicolae_vaults_house_1, nicolae_vaults_stepped_doors,
          nicolae_vaults_house_1, layout_vaults_quadrants, uniq_saint_roka
Vaults:2: hangedman_vaults_restitches, grunt_vaults_diagonal, v_misc_14,
          nicolae_vaults_closet_pinwheel_3, ontoclasm_vaults_twist, st_cross,
          hangedman_vaults_maws, ontoclasm_vaults_pinch,
          ontoclasm_vaults_decontamination, nicolae_vaults_big_ls, v_misc_27,
          vaults_room_pool, vaults_room_door_ring, v_misc_22, layout_vaults_ring
Vaults:3: v_alt_pattern_6, nicolae_vaults_ellipses_ellipsis,
          nicolae_vaults_heart-shaped_vault, v_misc_9,
          minmay_crypt_entry_necro_gods, v_misc_8,
          nicolae_vaults_door_testing_chamber, nicolae_vaults_big_angled_halls,
          vaults_room_pools, nicolae_vaults_apartment_1, v_misc_3,
          nicolae_vaults_trapezoid_layered,
          nicolae_vaults_storing_the_good_stuff, layout_vaults_omnicross,
          serial_shops, nicolae_diamond_shop, uniq_asterion, uniq_boris
Vaults:4: nicolae_vaults_taking_the_gang_shopping, nicolae_vaults_prndl,
          vaults_room_grid, nicolae_vaults_storage_closets_1, v_pattern_1,
          nicolae_vaults_network_star, v_misc_24, vaults_room_door_hall,
          v_rooms_3, vaults_room_ringed_pool, layout_vaults_big_room,
          serial_shops, nicolae_shop_tiny_real_fake_doors
Vaults:5: uniq_xtahua
Depths:1: layout_cave_pools, minmay_misc_feat_cross, hell_entry,
          serial_nicolae_subway, nicolae_sub_station_metal,
          nicolae_sub_station_stone, nicolae_sub_station_crystal
Depths:2: kennysheep_bubble_arena, layout_cave_pools, enter_ziggurat_f,
          nicolae_sextant, rand_demon_pan_entry_5, hell_entry,
          infiniplex_staircase_river
Depths:3: nicolae_hexawheel, layout_basic, mu_enter_wizlab_6,
          hangedman_geh_valley, abyss_entry_flame_altar, hangedman_decor_lopped,
          moated_statue, firewood_loft
Depths:4: grunt_zot_entry_alcove, layout_basic, hell_entry,
          abyss_entry_small_statue_room, lemuel_blue_sif_altar, minmay_shop_star

Skill      XL: |  1  2  3  4  5  6  7  8  9 10 11 12 13 14 15 16 17 18 19 20 21 22 23 |
---------------+----------------------------------------------------------------------+-----
Axes           | 2 3 4 5 6 7 8 9 10 11 12 14 16 17 18 | 18.0
Fighting       | 4 5 6 7 8 10 11 12 13 14 16 17 18 20 21 | 21.0
Armour         | 4 5 6 7 8 9 10 13 14 15 16 18 20 21 22 | 22.0
Invocations    | 3 4 8 10 | 10.0
Dodging        | 1 2 3 4 5 7 |  7.0
Shields        | 4 8 10 13 14 15 16 17 18 19 20 21 | 21.0
Throwing       | 1 2 5 7 8 9 10 11 | 11.3

Action                     |  1- 3 |  4- 6 |  7- 9 | 10-12 | 13-15 | 16-18 | 19-21 | 22-24 || total
---------------------------+-------+-------+-------+-------+-------+-------+-------+-------++-------
  Melee: War axe           |    79 |   156 |   369 |   450 |       |       |       |       ||  1054
         Broad axe         |       |       |       |   108 |   967 |  1644 |  1694 |   883 ||  5296
         Morningstar       |       |       |       |       |    19 |       |       |       ||    19
         Demon whip        |       |       |       |       |    35 |       |       |       ||    35
  Throw: Boomerang         |       |       |       |    45 |    47 |   156 |    77 |     1 ||   326
         Javelin           |       |       |       |       |    42 |    49 |    80 |    44 ||   215
 Invoke: Heroism           |       |       |     4 |    22 |    27 |    46 |     9 |    17 ||   125
         Finesse           |       |       |       |     1 |    11 |     5 |     6 |    10 ||    33
    Use: Scroll            |     6 |     4 |    15 |     6 |    10 |     2 |       |     1 ||    44
         Potion            |       |       |     4 |     1 |     1 |     1 |     1 |     6 ||    14
   Stab: Petrified         |       |       |       |       |       |     8 |       |       ||     8
         Petrifying        |       |       |       |       |       |     1 |       |       ||     1
 Armour: Scale mail        |    49 |    44 |       |       |       |       |       |       ||    93
         Plate armour      |       |    65 |   218 |   210 |   206 |       |       |       ||   699
         Crystal plate arm |       |       |       |       |   179 |   607 |   914 |   831 ||  2531
  Dodge: Dodged            |    30 |    59 |    69 |   106 |   258 |   336 |   455 |   509 ||  1822
  Block: Buckler           |    13 |    30 |    78 |    37 |       |       |       |       ||   158
         Tower shield      |       |       |       |   376 |   897 |  1364 |  1722 |  1048 ||  5407
         Reflection        |       |       |       |     2 |       |       |       |       ||     2

Table legend:
 A = Non-vault XP
 B = Vault XP
 C = Vault XP percentage of total XP
 D = Non-vault monster count
 E = Vault monster count
 F = Vault count percentage of total count
                 A         B        C        D         E       F
            +---------+---------+-------+---------+---------+-------
      Total |  480333 |  298752 |  38.3 |    1099 |     638 |  36.7
            +---------+---------+-------+---------+---------+-------
        D:1 |      24 |       0 |   0.0 |      12 |       0 |   0.0
        D:2 |     122 |     154 |  55.8 |      24 |      28 |  53.8
        D:3 |     121 |     475 |  79.7 |      34 |      52 |  60.5
        D:4 |     133 |       3 |   2.2 |      13 |       1 |   7.1
        D:5 |     691 |     243 |  26.0 |      18 |       2 |  10.0
        D:6 |     967 |      18 |   1.8 |      21 |       1 |   4.5
        D:7 |     566 |       0 |   0.0 |      12 |       0 |   0.0
        D:8 |    2500 |     379 |  13.2 |      34 |       1 |   2.9
        D:9 |    3454 |     393 |  10.2 |      25 |       4 |  13.8
       D:10 |    2356 |       0 |   0.0 |      15 |       0 |   0.0
       D:11 |    3903 |    1866 |  32.3 |      15 |       7 |  31.8
       D:12 |    6949 |     177 |   2.5 |      26 |      17 |  39.5
       D:13 |    9376 |    7223 |  43.5 |      22 |      21 |  48.8
       D:14 |   11413 |    7537 |  39.8 |      24 |      12 |  33.3
       D:15 |    5777 |    4170 |  41.9 |      12 |       9 |  42.9
     Lair:1 |    1738 |    1167 |  40.2 |       8 |       5 |  38.5
     Lair:2 |    5127 |    2807 |  35.4 |      23 |       6 |  20.7
     Lair:3 |    3480 |       0 |   0.0 |      13 |       0 |   0.0
     Lair:4 |    7740 |       0 |   0.0 |      22 |       0 |   0.0
     Lair:5 |   13552 |   23843 |  63.8 |      49 |      71 |  59.2
   Shoals:1 |    5596 |       0 |   0.0 |      10 |       0 |   0.0
   Shoals:2 |   17833 |    3971 |  18.2 |      35 |       4 |  10.3
   Shoals:3 |   20085 |    5278 |  20.8 |      41 |       7 |  14.6
   Shoals:4 |   11867 |   19684 |  62.4 |      25 |      33 |  56.9
    Snake:1 |   14720 |    1371 |   8.5 |      33 |       1 |   2.9
    Snake:2 |   13790 |    7585 |  35.5 |      27 |       9 |  25.0
    Snake:3 |   11018 |     960 |   8.0 |      20 |       2 |   9.1
    Snake:4 |   20470 |   25572 |  55.5 |      37 |      39 |  51.3
      Orc:1 |    5989 |       0 |   0.0 |      49 |       0 |   0.0
      Orc:2 |    1746 |    8171 |  82.4 |      21 |      62 |  74.7
   Vaults:1 |   31976 |   15867 |  33.2 |      42 |      31 |  42.5
   Vaults:2 |   28312 |   20915 |  42.5 |      38 |      24 |  38.7
   Vaults:3 |   18975 |   33850 |  64.1 |      29 |      40 |  58.0
   Vaults:4 |   48762 |   21452 |  30.6 |      67 |      32 |  32.3
   Vaults:5 |    7619 |   35920 |  82.5 |      12 |      38 |  76.0
   Depths:1 |   30123 |       0 |   0.0 |      41 |       0 |   0.0
   Depths:2 |   22404 |   10198 |  31.3 |      26 |      11 |  29.7
   Depths:3 |   41624 |   20537 |  33.0 |      47 |      19 |  28.8
   Depths:4 |   25890 |   15555 |  37.5 |      28 |      15 |  34.9
    Abyss:3 |   21545 |       0 |   0.0 |      49 |       0 |   0.0
    Ossuary |       0 |    1411 | 100.0 |       0 |      34 | 100.0
            +---------+---------+-------+---------+---------+-------
